 Dungeon Crawl Stone Soup version 0.23-a0-49-gd9f7a49 (webtiles) character file.

583988 Sermion the Slayer (level 27, -2/196 HPs)
             Began as a Gargoyle Berserker on Aug 7, 2018.
             Was a High Priest of Trog.
             Killed from afar by an orb of fire (17 damage)
             ... with a bolt of fire
             ... on level 5 of the Realm of Zot.
             The game lasted 01:41:25 (60969 turns).

Sermion the Slayer (Gargoyle Berserker)            Turns: 60969, Time: 01:41:25

Health: -2/196     AC: 56    Str: 32    XL:     27
Magic:  0/23       EV: 19    Int: 10    God:    Trog [*****.]
Gold:   4350       SH: 27    Dex: 16    Spells: 26/26 levels left

rFire    + + .     SeeInvis +   h - +7 war axe (vamp)
rCold    + + +     Gourm    .   n - +0 large shield {rC+}
rNeg     + . .     Faith    .   x - +8 chain mail "Qesahuab" {+Blink rPois rF+ rC++}
rPois    ∞         Spirit   +   q - +2 helmet {SInv}
rElec    +         Reflect  .   k - +2 cloak
rCorr    .         Harm     .   C - +2 pair of gloves {Dex+3}
MR       ++++.                  u - +2 pair of boots
Stlth    ..........             b - amulet of guardian spirit
HPRegen  1.42/turn              p - ring of protection from fire
MPRegen  0.18/turn              d - ring of the Villain {+Fly Dex+4 Slay+2}

@: about to teleport, berserk cooldown, flying, regenerating, slowed, very slow
A: big wings, cold resistance 1, deformed body, negative energy resistance 1,
sense surroundings 1, screaming 1, electricity resistance, unbreathing,
petrification resistance, rot immunity, MP-powered wands, AC +20
}: 3/15 runes: barnacled, silver, gossamer
a: Stop Flying, Berserk, Trog's Hand, Brothers in Arms, Renounce Religion, Evoke
Blink


You were on level 5 of the Realm of Zot.
You worshipped Trog.
Trog was extremely pleased with you.
You were full.

You visited 8 branches of the dungeon, and saw 46 of its levels.

You collected 5962 gold pieces.
You spent 1612 gold pieces at shops.


Innate Abilities, Weirdness & Mutations

You are resistant to torment.
Your stone body is resilient. (AC +20)
You are immune to poison.
Your large and strong wings let you fly indefinitely.
You resist negative energy. (rN+)
You are resistant to electric shocks. (rElec)
You can survive without breathing.
You are immune to petrification.
You are immune to rotting.
Your flesh is cold resistant. (rC+)
Armour fits poorly on your strangely shaped body.
You passively map a small area around you.
You occasionally shout uncontrollably at your foes.
You expend magic power (3 MP) to strengthen your wands.


   Skills:
 - Level 26.0 Fighting
 - Level 16.0 Axes
 - Level 22.0 Armour
 + Level 13.7 Dodging
 - Level 25.0 Shields


You had 26 spell levels left.
You didn't know any spells.
Your spell library was empty.

Inventory:

Hand Weapons
 h - a +7 vampiric war axe (weapon)
Armour
 k - a +2 cloak (worn)
 n - a +0 large shield of cold resistance (worn)
 q - a +2 helmet of see invisible (worn)
 u - a +2 pair of boots (worn)
 w - a +0 crystal plate armour
 x - the +8 chain mail "Qesahuab" (worn) {+Blink rPois rF+ rC++}
   (You found it on level 1 of the Lair of Beasts)

   It protects you from fire.
   It greatly protects you from cold.
   It protects you from poison.
   It lets you blink.
 C - a +2 pair of gloves of dexterity (worn)
Jewellery
 b - an amulet of guardian spirit (around neck)
 d - the ring of the Villain (right hand) {+Fly Dex+4 Slay+2}
   (You took it off a yaktaur on level 5 of the Vaults)

   [ring of slaying]

   It affects your dexterity (+4).
   It affects your accuracy and damage with ranged weapons and melee attacks
   (+2).
   It lets you fly.
 p - a ring of protection from fire (left hand)
 t - the ring of Boeta {rC+ MR++}
   (You took it off a deep elf sorcerer on level 5 of the Vaults)

   [ring of protection from cold]

   It protects you from cold.
   It affects your resistance to hostile enchantments.
 y - an uncursed ring of see invisible
 z - an uncursed amulet of regeneration
 Y - the ring "Upros" {rC+ AC+3 Int+5}
   (You took it off a deep elf sorcerer on level 5 of the Vaults)

   [ring of protection]

   It affects your AC (+3).
   It affects your intelligence (+5).
   It protects you from cold.
Wands
 A - a wand of digging (23)
Scrolls
 m - 17 scrolls of remove curse
 o - a scroll of teleportation
 r - 45 scrolls of identify
 s - 2 scrolls of enchant armour
Potions
 a - 15 potions of heal wounds
 f - 2 potions of resistance
 g - 5 potions of might
 i - 2 potions of cancellation
 j - 22 potions of curing
 l - 7 potions of mutation
 v - 10 potions of haste
Comestibles
 e - 64 rations

Dungeon Overview and Level Annotations

Branches:
Dungeon (15/15)            Temple (0/1) D:4            Lair (6/6) D:8
 Shoals (4/4) Lair:2       Spider (4/4) Lair:3        Slime (0/5) Lair:6
    Orc (2/2) D:12            Elf (0/3) Orc:2        Vaults (5/5) D:14
  Crypt (0/3) Vaults:2     Depths (5/5) D:15            Zot (5/5) Depths:5

Altars:
Ashenzari
Cheibriados
Fedhas
Gozag
Hepliaklqana
Kikubaaqudgha
Makhleb
Okawaru
Ru
Sif Muna
Vehumet
Wu Jian
Xom
Yredelemnul
Zin
Jiyva

Shops:
D:7 :   Orc:1 ?   Orc:2 :[**   Shoals:1 :   Shoals:2 %((   Vaults:3 !

Portals:
Hell: Depths:1 Depths:2 Depths:4 Depths:5
Abyss: Depths:4
Pandemonium: Orc:2 Depths:3
Ziggurat: Depths:1

Annotations:
D:8 1 runed door, galech's ghost, novice MiFi
Lair:3 3 runed doors, Vohil's ghost, journeyman MiFi
Lair:6 2 runed doors
Vaults:1 2 runed doors, Lagoy's ghost, adept DgWz


Message History

The ancient lich misses you.
You hear a chilling moan.
60969 ||| DRINKING 16 potions of heal wounds.
You feel much better.
The orb of fire glows red.
The bolt of fire hits you! You resist.
The ancient lich casts a spell.
The ancient lich flickers and vanishes for a moment.
The orb of fire glows yellow.
The bolt of fire hits you! You resist.
The bolt of fire hits the Hell Sentinel.
The Hell Sentinel completely resists.
The orb of fire emits a lurid red light.
Strange energies course through your body.
You feel more energetic. You block the ancient lich's attack.
The orb of fire glows red.
The bolt of fire hits the orb of fire.
The orb of fire completely resists.
The bolt of fire hits you! You resist.
You die...

, ,, , ....... * , , ,
,....... * ,, , ,*....[#
##############.....##
###..^^......^^.......#
##....##.....[L^........
#######...###....y^.%.........
.........###...***.1..^.......
........## #....@**p..........
, ........#
#....1L2........... .......##
#.................. .......#
#......^..........., .......##
#.................. ........#
##................ ....^...##
##.............. .........#
##..$...... , #.######## *


You could see 5 orbs of fire, a Killer Klown, a Hell Sentinel, 2 ancient liches,
an Ice Fiend, a moth of wrath and a tormentor.

Vanquished Creatures
  An orb of fire (Zot:4)
  Mennas (Vaults:3)
  3 ancient liches
  Boris (Depths:5)
  A caustic shrike (Depths:2)
  Saint Roka (Depths:3)
  Jory (Depths:3)
  9 golden dragons
  Nikola (Shoals:4)
  4 electric golems
  2 liches
  Rupert (Lair:6)
  20 tentacled monstrosities
  10 Orb Guardians (Zot:5)
  16 titans
  8 quicksilver dragons
  8 death cobs
  Gastronok (D:9)
  A sphinx (Vaults:2)
  Agnes (D:14)
  11 shadow dragons
  15 storm dragons
  3 tengu reavers
  11 draconian monks
  2 thorn hunters (Depths:4)
  5 draconian knights
  6 fire giants
  6 deep elf sorcerers
  7 draconian scorchers
  5 frost giants
  9 emperor scorpions
  18 vault wardens
  2 iron dragons
  6 ghost moths
  2 draconian stormcallers (Zot:2)
  2 juggernaut zombies
  A deep elf elementalist (Vaults:5)
  8 draconian shifters
  6 draconian annihilators
  16 ironheart preservers
  4 war gargoyles (Vaults:5)
  5 entropy weavers
  18 very ugly things
  18 stone giants
  15 green draconians
  4 vampire knights
  12 black draconians
  15 purple draconians
  A lorocyproca (Depths:3)
  Azrael (D:15)
  6 yellow draconians
  8 white draconians
  3 merfolk javelineers (Shoals:4)
  A deep elf annihilator (Vaults:4)
  11 red draconians
  Snorg (Orc:2)
  7 spark wasps
  15 ettins
  5 merfolk impalers
  A deep elf high priest (Vaults:5)
  15 fire dragons
  14 yaktaur captains
  3 hydras
  28 vault guards
  6 rakshasas
  7 great orbs of eyes
  Erica (D:9)
  7 centaur warriors
  8 death knights
  13 ice dragons
  3 alligator snapping turtles
  5 spriggan air magi
  A catoblepas (shapeshifter) (Depths:2)
  3 merfolk aquamancers
  2 dancing weapons (Vaults:5)
  An alligator (Depths:4)
  28 two-headed ogres
  15 ogre magi
  8 satyrs
  A two-headed ogre (shapeshifter) (Vaults:5)
  3 death yaks (Lair:6)
  A queen ant (Lair:6)
  15 deep troll earth magi
  2 vampire magi
  4 deep troll shamans
  6 spriggan berserkers
  5 tengu warriors
  8 orc high priests (Orc:2)
  Nergalle (D:11)
  A soul eater (Orc:2)
  6 deep elf knights
  3 iron trolls
  4 hell knights (Depths:4)
  A salamander mystic (Depths:5)
  3 skeletal warriors
  A shadow wraith (Vaults:5)
  2 fire crabs (shapeshifter)
  A spark wasp zombie (Depths:4)
  An unseen horror (shapeshifter) (Vaults:2)
  A torturous demonspawn (Orc:2)
  2 gelid demonspawn (Orc:2)
  9 sea snakes
  3 deep elf archers
  An infernal demonspawn (Depths:3)
  An unseen horror (D:12)
  5 flayed ghosts
  5 death drakes (Depths:5)
  A swamp dragon (shapeshifter) (Depths:2)
  11 wizards
  20 ironbrand convokers
  A lindwurm (shapeshifter) (Vaults:5)
  19 orc knights
  5 phantasmal warriors
  5 lindwurms (Depths:5)
  7 swamp dragons (Depths:4)
  31 deep trolls
  5 glowing orange brains
  A sphinx zombie (Vaults:4)
  A shadow dragon zombie (Vaults:4)
  14 orb spiders
  23 wolf spiders
  10 harpies
  3 tengu zombies
  11 deep elf magi
  8 necromancers
  A wolf spider zombie (D:14)
  5 cyclopes
  8 fauns
  An oklob plant (D:11)
  11 manticores
  3 salamanders (Depths:5)
  7 orc sorcerers
  23 ugly things
  3 elephants (Lair:6)
  2 black mambas (Lair:6)
  9 merfolk sirens
  17 moths of wrath
  11 vault sentinels
  A rust devil (Depths:3)
  2 molten gargoyles (Lair:6)
  An eye of devastation (Depths:1)
  2 water nymphs (Shoals:4)
  A human skeleton (Vaults:4)
  3 torpor snails (Lair:4)
  4 gargoyles
  An orange demon (Orc:2)
  10 spiny frogs
  4 rime drakes
  A storm dragon simulacrum (Depths:4)
  10 komodo dragons
  40 yaktaurs
  6 demonic crawlers
  A yaktaur (shapeshifter) (Vaults:5)
  A golden dragon simulacrum (Depths:3)
  A guardian mummy (D:15)
  13 freezing wraiths
  2 red devils
  31 jumping spiders
  A tengu conjurer (Depths:2)
  A small abomination (Vaults:5)
  10 wind drakes
  A yaktaur skeleton (D:15)
  3 meliai (Spider:3)
  3 trolls
  A tyrant leech (shapeshifter) (Depths:2)
  10 hornets
  16 merfolk
  2 raiju (shapeshifter)
  A hornet (shapeshifter) (Vaults:3)
  A shadow dragon simulacrum (Depths:3)
  A harpy skeleton (D:15)
  A wolf spider simulacrum (Vaults:1)
  2 polar bears
  A frost giant simulacrum (Vaults:2)
  18 slime creatures
  A spriggan zombie (D:15)
  7 blink frogs
  12 dream sheep
  9 snapping turtles
  8 hippogriffs
  3 wyverns
  A centaur simulacrum (D:15)
  88 redbacks
  6 spriggans
  2 shadows (D:15)
  10 water elementals
  2 ynoxinuls
  A redback (shapeshifter) (Vaults:5)
  A fire elemental (D:14)
  17 tarantellas
  8 wraiths
  2 vampires
  A hog (shapeshifter) (Depths:2)
  A tarantella (shapeshifter) (Vaults:5)
  32 yaks
  19 humans (D:14)
  7 vampire mosquitoes
  A steam dragon (Lair:6)
  3 hungry ghosts
  Eustachio (D:4)
  6 basilisks
  An elf skeleton (Depths:4)
  Grum (D:9)
  A neqoxec (Orc:2)
  A harpy simulacrum (Vaults:1)
  Menkaure (D:7)
  14 wargs
  5 swamp worms (Depths:4)
  17 soldier ants (Lair:6)
  An acid dragon (D:11)
  A floating eye (shapeshifter) (Depths:1)
  7 hell hounds
  2 floating eyes (Depths:1)
  4 water moccasins (Lair:6)
  A water moccasin (shapeshifter) (Depths:3)
  4 porcupines
  5 swamp drakes
  5 ice beasts
  55 orc warriors
  5 sky beasts
  2 black bears
  2 eyes of draining
  A tengu (shapeshifter) (Depths:2)
  3 boggarts
  15 centaurs
  A phantom (D:5)
  15 wolves
  30 ogres
  9 crocodiles
  2 big kobolds
  A wyvern zombie (D:12)
  11 bullfrogs
  A gnoll sergeant (D:11)
  A human simulacrum (Vaults:1)
  6 scorpions
  6 killer bees (D:8)
  A water moccasin skeleton (D:11)
  10 wights
  4 howler monkeys
  A howler monkey (shapeshifter) (Vaults:5)
  An electric eel (Spider:4)
  7 crimson imps
  7 bullfrog zombies
  2 centaur zombies
  3 lava snakes (Lair:6)
  36 orc priests
  10 hounds
  4 jellies
  3 bullfrog skeletons
  25 orc wizards
  3 iguanas
  Natasha (D:2)
  28 worker ants
  3 hound skeletons
  A mummy (D:4)
  7 gnolls
  14 adders
  3 shadow imps
  2 oozes (D:2)
  An adder zombie (D:8)
  2 adder skeletons
  3 worms
  2 dart slugs (D:1)
  5 leopard geckos
  107 orcs
  10 giant cockroaches
  10 goblins
  10 hobgoblins
  7 jackals
  5 quokkas
  2 ball pythons
  5 bats
  2 frilled lizards
  A jackal zombie (D:5)
  12 kobolds
  A quokka zombie (D:8)
  7 rats
  4 briar patches (Depths:4)
  2 crawling corpses
  A fire vortex (Depths:5)
  A fungus (Lair:3)
  9 plants
  A withered plant (D:15)
2004 creatures vanquished.

Vanquished Creatures (collateral kills)
  A titan (Zot:1)
  A shadow dragon (Vaults:5)
  A storm dragon (Vaults:5)
  Roxanne (D:15)
  A vault warden (Vaults:5)
  A frost giant (Depths:4)
  2 entropy weavers
  A stone giant (Depths:4)
  A deep elf annihilator (Vaults:5)
  A yaktaur captain (Vaults:5)
  7 hydras
  2 vault guards (Vaults:5)
  A death knight (Vaults:5)
  3 deep troll shamans
  A death yak (Lair:6)
  A deep troll earth mage (Depths:1)
  A fire crab (Lair:6)
  4 deep trolls
  An ironbrand convoker (Vaults:5)
  An orc knight (Vaults:5)
  2 wolf spiders (Spider:1)
  2 orb spiders (Spider:1)
  A salamander (shapeshifter) (Vaults:5)
  2 black mambas (Lair:6)
  A yaktaur (Vaults:5)
  2 demonic crawlers (Spider:1)
  2 komodo dragons (Lair:6)
  2 jumping spiders (Spider:1)
  A blink frog (Lair:6)
  A hornet (Spider:1)
  A dream sheep (Lair:6)
  4 redbacks
  A steam dragon (Lair:6)
  A warg (Vaults:5)
  A soldier ant (Lair:6)
  A hell hound (Lair:6)
  An eye of draining (Depths:1)
  A crocodile (Lair:5)
  A scorpion (D:14)
  A lava snake (Lair:6)
  2 worker ants (Lair:6)
  A plant (Depths:4)
65 creatures vanquished.

Vanquished Creatures (others)
  An ettin (Depths:3)
  A yaktaur (D:14)
  A tarantella (Spider:4)
  An orc warrior (Vaults:5)
  3 boggarts
  An orc priest (Vaults:5)
  9 briar patches (Depths:4)
  8 fungi
  48 plants
73 creatures vanquished.

Grand Total: 2142 creatures vanquished

Notes
Turn   | Place    | Note
-------+----------+-------------------------------------------
     0 | D:1      | Sermion the Gargoyle Berserker began the quest for the Orb.
     0 | D:1      | Reached XP level 1. HP: 14/14 MP: 1/1
     0 | D:1      | 0 ||| counter = 8
    65 | D:1      | Reached skill level 3 in Axes
   114 | D:1      | Reached XP level 2. HP: 19/19 MP: 2/2
   231 | D:1      | 231 ||| DROPPING club.
   858 | D:1      | Reached XP level 3. HP: 17/23 MP: 3/3
  1044 | D:1      | Reached ** piety under Trog
  1074 | D:1      | 1074 ||| UPGRADING to leather armour.
  1084 | D:1      | 1084 ||| DROPPING +0 animal skin.
  1085 | D:1      | 1085 ||| READING scroll labeled RAXOCIR CATU.
  1086 | D:1      | 1086 ||| READING scroll labeled SEOHEUSIAB.
  1087 | D:1      | 1087 ||| DRINKING 2 silvery potions.
  1665 | D:2      | Reached XP level 4. HP: 28/28 MP: 4/4
  1711 | D:2      | Found a hazy altar of Hepliaklqana.
  1778 | D:2      | Noticed Natasha
  1783 | D:2      | 1783 ||| INVOKING Berserk.
  1784 | D:2      | Killed Natasha
  2201 | D:2      | 2201 ||| READING scroll labeled ULUAGIRGH PEUZ.
  2206 | D:2      | 2206 ||| READING scroll labeled NOISHR TAUV.
  2207 | D:2      | 2207 ||| READING scroll labeled HOUQIL TI VOU.
  2208 | D:2      | 2208 ||| READING scroll labeled TEADUA ZUWK.
  2209 | D:2      | 2209 ||| READING scroll of identify.
  2209 | D:2      | 2209 ||| IDENTIFYING copper ring
  2210 | D:2      | 2210 ||| DROPPING ring of flight.
  2283 | D:3      | Reached XP level 5. HP: 32/32 MP: 5/5
  2291 | D:3      | Noticed an ogre
  2296 | D:3      | 2296 ||| INVOKING Berserk.
  2297 | D:3      | Killed an ogre
  2297 | D:3      | Reached skill level 4 in Fighting
  2392 | D:3      | 2392 ||| STAIRDANCE
  2399 | D:3      | 2399 ||| STAIRDANCE
  2551 | D:3      | Reached XP level 6. HP: 37/39 MP: 6/6
  2610 | D:3      | Found a radiant altar of Vehumet.
  2628 | D:3      | 2628 ||| UPGRADING to whip.
  2629 | D:3      | 2629 ||| SWAPPING to +0 hand axe.
  2969 | D:3      | 2969 ||| UPGRADING to ring mail.
  2979 | D:3      | 2979 ||| DROPPING +0 leather armour.
  2980 | D:3      | 2980 ||| UPGRADING to pair of boots.
  2985 | D:3      | 2985 ||| READING scroll labeled FOJU PA PATT.
  2986 | D:3      | 2986 ||| READING scroll labeled OVAGRU NOCK.
  2987 | D:3      | 2987 ||| DRINKING 2 glowing sapphire potions.
  2992 | D:3      | 2992 ||| DROPPING potion of ambrosia.
  3102 | D:4      | Found a staircase to the Ecumenical Temple.
  3189 | D:4      | Found an opulent altar of Gozag.
  3226 | D:4      | 3226 ||| READING scroll of enchant armour.
  3226 | D:4      | 3226 ||| ENCHANTING +0 pair of boots.
  3239 | D:4      | Reached *** piety under Trog
  3466 | D:4      | Reached skill level 6 in Axes
  3471 | D:4      | Found a burning altar of Makhleb.
  3489 | D:4      | Noticed Eustachio
  3506 | D:4      | 3506 ||| INVOKING Berserk.
  3515 | D:4      | Killed Eustachio
  3515 | D:4      | Reached XP level 7. HP: 44/44 MP: 7/7
  3605 | D:4      | 3605 ||| STAIRDANCE
  3612 | D:3      | Reached skill level 5 in Fighting
  3679 | D:4      | 3679 ||| STAIRDANCE
  4052 | D:4      | Reached XP level 8. HP: 46/49 MP: 8/8
  4141 | D:4      | 4141 ||| READING scroll of enchant armour.
  4141 | D:4      | 4141 ||| ENCHANTING +1 pair of boots.
  4378 | D:4      | 4378 ||| READING scroll of identify.
  4378 | D:4      | 4378 ||| IDENTIFYING diamond ring
  4379 | D:4      | 4379 ||| DROPPING cursed ring of attention.
  4428 | D:5      | Entered Level 5 of the Dungeon
  4454 | D:5      | 4454 ||| SWAPPING to hand axe of venom.
  4469 | D:5      | 4469 ||| DROPPING +0 hand axe.
  4486 | D:5      | Found an iron altar of Okawaru.
  4535 | D:5      | 4535 ||| STAIRDANCE
  4601 | D:4      | 4601 ||| READING scroll labeled CEARIAPS NIDI.
  4602 | D:4      | 4602 ||| READING 2 scrolls of identify.
  4602 | D:4      | 4602 ||| IDENTIFYING ring of attention
  4603 | D:4      | 4603 ||| DROPPING cursed ring of attention.
  4691 | D:5      | 4691 ||| STAIRDANCE
  4737 | D:5      | 4737 ||| STAIRDANCE
  4785 | D:5      | Reached skill level 6 in Fighting
  4866 | D:5      | 4866 ||| INVOKING Berserk.
  4870 | D:5      | 4870 ||| EATING 9 rations.
  5244 | D:5      | Found an ancient bone altar of Kikubaaqudgha.
  5486 | D:5      | Reached skill level 9 in Axes
  5617 | D:5      | 5617 ||| UPGRADING to pair of gloves.
  5622 | D:5      | 5622 ||| UPGRADING to embroidered robe.
  5632 | D:5      | 5632 ||| UPGRADING to +0 ring mail.
  5642 | D:5      | 5642 ||| DROPPING +0 robe of magic resistance.
  5643 | D:5      | 5643 ||| UPGRADING to dented soapstone amulet.
  5644 | D:5      | 5644 ||| REMOVING amulet of the gourmand.
  5645 | D:5      | 5645 ||| DROPPING amulet of the gourmand.
  5646 | D:5      | 5646 ||| READING scroll labeled GIXERYETUD.
  5647 | D:5      | 5647 ||| DRINKING 2 smoky puce potions.
  5648 | D:5      | 5648 ||| READING 2 scrolls of identify.
  5648 | D:5      | 5648 ||| IDENTIFYING cyan potion
  5649 | D:5      | 5649 ||| DROPPING 2 potions of agility.
  5650 | D:5      | 5650 ||| DROPPING potion of magic.
  5682 | D:6      | Reached **** piety under Trog
  5683 | D:6      | 5683 ||| INVOKING Berserk.
  5687 | D:6      | Reached skill level 3 in Armour
  5688 | D:6      | 5688 ||| EATING 9 rations.
  5743 | D:6      | 5743 ||| SWAPPING to war axe.
  5752 | D:6      | 5752 ||| DROPPING +1 hand axe of venom.
  6015 | D:6      | Reached skill level 7 in Fighting
  6015 | D:6      | Reached XP level 9. HP: 57/57 MP: 9/9
  6017 | D:6      | 6017 ||| INVOKING Berserk.
  6056 | D:6      | 6056 ||| DROPPING +0 whip.
  6057 | D:6      | 6057 ||| UPGRADING to flail.
  6058 | D:6      | 6058 ||| READING 2 scrolls of remove curse.
  6059 | D:6      | 6059 ||| SWAPPING to +0 war axe.
  6104 | D:6      | 6104 ||| INVOKING Berserk.
  6625 | D:6      | 6625 ||| STAIRDANCE
  6685 | D:5      | 6685 ||| UPGRADING to scale mail.
  6695 | D:5      | 6695 ||| DROPPING +0 ring mail.
  6696 | D:5      | 6696 ||| DRINKING 2 lumpy grey potions.
  6697 | D:5      | 6697 ||| READING 7 scrolls of identify.
  6697 | D:5      | 6697 ||| IDENTIFYING sapphire potion
  6698 | D:5      | 6698 ||| READING 6 scrolls of identify.
  6698 | D:5      | 6698 ||| IDENTIFYING white potion
  6699 | D:5      | 6699 ||| READING 5 scrolls of identify.
  6699 | D:5      | 6699 ||| IDENTIFYING orange potion
  6700 | D:5      | 6700 ||| READING 4 scrolls of identify.
  6700 | D:5      | 6700 ||| IDENTIFYING murky red potion
  6701 | D:5      | 6701 ||| READING 3 scrolls of identify.
  6701 | D:5      | 6701 ||| IDENTIFYING red potion
  6702 | D:5      | 6702 ||| READING 2 scrolls of identify.
  6702 | D:5      | 6702 ||| IDENTIFYING purple potion
  6703 | D:5      | 6703 ||| DROPPING potion of degeneration.
  6704 | D:5      | 6704 ||| DROPPING potion of berserk rage.
  6705 | D:5      | 6705 ||| DROPPING potion of lignification.
  6862 | D:6      | 6862 ||| EATING 8 rations.
  7169 | D:7      | 7169 ||| INVOKING Berserk.
  7379 | D:7      | 7379 ||| UPGRADING to flail.
  7380 | D:7      | 7380 ||| SWAPPING to +0 war axe.
  7381 | D:7      | 7381 ||| DROPPING -2 flail.
  7457 | D:7      | 7457 ||| STAIRDANCE
  7508 | D:6      | 7508 ||| UPGRADING to plate armour.
  7518 | D:6      | 7518 ||| DROPPING +0 scale mail.
  7611 | D:7      | Found Gitugoga's Book Emporium.
  7764 | D:7      | Reached skill level 6 in Armour
  7918 | D:7      | Reached XP level 10. HP: 64/64 MP: 10/10
  8027 | D:7      | Noticed Menkaure
  8035 | D:7      | Killed Menkaure
  8035 | D:7      | Reached skill level 8 in Fighting
  8195 | D:7      | 8195 ||| INVOKING Berserk.
  8234 | D:7      | 8234 ||| EATING 14 rations.
  8460 | D:7      | 8460 ||| UPGRADING to golden ring.
  8461 | D:7      | 8461 ||| READING scroll labeled XIUCLO WANUISUPU.
  8847 | D:8      | Reached ***** piety under Trog
  8915 | D:8      | Reached skill level 9 in Fighting
  9102 | D:8      | Found a staircase to the Lair.
  9160 | D:8      | Found a runed door.
  9162 | D:8      | Found a shimmering altar of Xom.
  9162 | D:8      | Noticed galech's ghost (novice MiFi)
  9162 | D:8      | Noticed a scimitar of chaos
  9163 | D:8      | 9163 ||| INVOKING Brothers in Arms.
  9164 | D:8      | 9164 ||| INVOKING Berserk.
  9168 | D:8      | 9168 ||| EATING 13 rations.
  9410 | D:8      | Found a blossoming altar of Fedhas.
  9504 | D:8      | 9504 ||| INVOKING Berserk.
  9517 | D:8      | 9517 ||| STAIRDANCE
  9536 | D:7      | 9536 ||| UPGRADING to helmet.
  9541 | D:7      | 9541 ||| UPGRADING to twisted peridot ring.
  9586 | Lair:1   | Entered Level 1 of the Lair of Beasts
  9586 | Lair:1   | Noticed a spiny frog
  9587 | Lair:1   | 9587 ||| Entered L.
  9590 | Lair:1   | 9590 ||| STAIRDANCE
  9592 | D:8      | 9592 ||| INVOKING Berserk.
  9597 | D:8      | Killed a spiny frog
  9656 | D:8      | 9656 ||| EATING 12 rations.
  9754 | Lair:1   | Noticed a spiny frog
  9757 | Lair:1   | 9757 ||| INVOKING Berserk.
  9763 | Lair:1   | Killed a spiny frog
  9843 | Lair:1   | 9843 ||| INVOKING Berserk.
  9973 | Lair:1   | 9973 ||| READING scroll of enchant armour.
  9973 | Lair:1   | 9973 ||| ENCHANTING +0 pair of gloves.
 10393 | Lair:1   | Reached skill level 9 in Armour
 10399 | Lair:1   | Reached XP level 11. HP: 53/71 MP: 11/11
 10402 | Lair:1   | 10402 ||| INVOKING Berserk.
 10714 | Lair:1   | Got a twisted chain mail
 11048 | Lair:1   | 11048 ||| UPGRADING to pair of glowing boots.
 11058 | Lair:1   | 11058 ||| DROPPING +2 pair of boots.
 11059 | Lair:1   | 11059 ||| UPGRADING to twisted chain mail.
 11069 | Lair:1   | Identified the +8 chain mail "Qesahuab" {+Blink rPois rF+ rC++} (You found it on level 1 of the Lair of Beasts)
 11069 | Lair:1   | 11069 ||| DROPPING +0 plate armour.
 11070 | Lair:1   | 11070 ||| UPGRADING to runed iron ring.
 11072 | Lair:1   | 11072 ||| DROPPING +2 ring of dexterity.
 11170 | Lair:2   | 11170 ||| READING scroll of enchant armour.
 11170 | Lair:2   | 11170 ||| ENCHANTING +1 pair of gloves.
 11271 | Lair:2   | 11271 ||| STAIRDANCE
 11323 | Lair:2   | 11323 ||| STAIRDANCE
 11428 | Lair:1   | 11428 ||| EATING 18 rations.
 11580 | Lair:2   | Reached skill level 12 in Axes
 11728 | Lair:2   | Found a staircase to the Shoals.
 11934 | Lair:2   | 11934 ||| INVOKING Berserk.
 11983 | Lair:2   | 11983 ||| INVOKING Berserk.
 12274 | Lair:3   | 12274 ||| STAIRDANCE
 12389 | Lair:3   | Found a runed gate.
 12390 | Lair:3   | Found a hole to the Spider Nest.
 12390 | Lair:3   | Found a runed gate.
 12391 | Lair:3   | Found a runed gate.
 12391 | Lair:3   | Noticed Vohil's ghost (journeyman MiFi)
 12412 | Lair:3   | Noticed a five-headed hydra
 12417 | Lair:3   | 12417 ||| INVOKING Brothers in Arms.
 12419 | Lair:3   | 12419 ||| INVOKING Berserk.
 12425 | Lair:3   | 12425 ||| SWAPPING to +0 flail.
 12425 | Lair:3   | Killed a seven-headed hydra
 12425 | Lair:3   | Reached skill level 10 in Fighting
 12426 | Lair:3   | 12426 ||| SWAPPING to +0 war axe.
 12449 | Lair:3   | Noticed an eight-headed hydra
 12453 | Lair:3   | 12453 ||| INVOKING Brothers in Arms.
 12456 | Lair:3   | 12456 ||| SWAPPING to +0 flail.
 12496 | Lair:3   | 12496 ||| INVOKING Brothers in Arms.
 12497 | Lair:3   | Killed an eight-headed hydra
 12498 | Lair:3   | 12498 ||| SWAPPING to +0 war axe.
 12731 | Lair:3   | 12731 ||| INVOKING Berserk.
 13129 | Lair:3   | 13129 ||| UPGRADING to runed scarf.
 13134 | Lair:3   | 13134 ||| REMOVING scarf of cloud immunity.
 13139 | Lair:3   | 13139 ||| DROPPING scarf of cloud immunity.
 13140 | Lair:3   | 13140 ||| UPGRADING to pearl ring.
 13142 | Lair:3   | 13142 ||| READING scroll labeled GEUJOUSENK.
 13143 | Lair:3   | 13143 ||| READING scroll labeled LAPIUCARIO.
 13201 | Lair:4   | 13201 ||| INVOKING Berserk.
 13287 | Lair:4   | 13287 ||| INVOKING Berserk.
 13303 | Lair:4   | Reached skill level 3 in Dodging
 13386 | Lair:4   | Reached XP level 12. HP: 78/78 MP: 12/12
 13454 | Lair:4   | 13454 ||| READING scroll of enchant weapon.
 13454 | Lair:4   | 13454 ||| ENCHANTING +1 war axe.
 13608 | Lair:4   | 13608 ||| INVOKING Berserk.
 13617 | Lair:4   | 13617 ||| READING scroll of teleportation.
 13642 | Lair:4   | 13642 ||| INVOKING Berserk.
 13782 | Lair:4   | Reached skill level 11 in Fighting
 13812 | Lair:4   | 13812 ||| STAIRDANCE
 13863 | Lair:3   | 13863 ||| UPGRADING to buckler.
 13913 | Lair:4   | Reached skill level 1 in Shields
 13978 | Lair:4   | Found a snail-covered altar of Cheibriados.
 14161 | Lair:4   | 14161 ||| UPGRADING to shiny helmet.
 14171 | Lair:4   | 14171 ||| REMOVING ring of see invisible.
 14172 | Lair:4   | 14172 ||| DROPPING +0 helmet.
 14173 | Lair:4   | 14173 ||| UPGRADING to +3 ring of slaying {mikee}.
 14195 | Lair:5   | 14195 ||| INVOKING Berserk.
 14200 | Lair:5   | 14200 ||| READING scroll of teleportation.
 14203 | Lair:5   | 14203 ||| EATING 28 rations.
 14308 | Lair:5   | 14308 ||| INVOKING Berserk.
 14321 | Lair:5   | 14321 ||| INVOKING Brothers in Arms.
 14323 | Lair:5   | Reached skill level 3 in Shields
 14711 | Lair:5   | Noticed a seven-headed hydra
 14712 | Lair:5   | 14712 ||| INVOKING Brothers in Arms.
 14713 | Lair:5   | 14713 ||| SWAPPING to +0 flail.
 14714 | Lair:5   | 14714 ||| INVOKING Brothers in Arms.
 14715 | Lair:5   | 14715 ||| INVOKING Brothers in Arms.
 14716 | Lair:5   | 14716 ||| Stepping ~*~*~tactically~*~*~ (outnumbered).
 14717 | Lair:5   | 14717 ||| Stepping ~*~*~tactically~*~*~ (outnumbered).
 14718 | Lair:5   | 14718 ||| Stepping ~*~*~tactically~*~*~ (outnumbered).
 14719 | Lair:5   | 14719 ||| Stepping ~*~*~tactically~*~*~ (outnumbered).
 14721 | Lair:5   | 14721 ||| Stepping ~*~*~tactically~*~*~ (outnumbered).
 14721 | Lair:5   | Killed a seven-headed hydra
 14722 | Lair:5   | 14722 ||| SWAPPING to +2 war axe.
 14968 | Lair:5   | 14968 ||| STAIRDANCE
 15005 | Lair:4   | 15005 ||| UPGRADING to iron ring.
 15007 | Lair:4   | 15007 ||| REMOVING ring of magical power.
 15008 | Lair:4   | 15008 ||| DROPPING ring of magical power.
 15009 | Lair:4   | 15009 ||| UPGRADING to +3 ring of slaying {mikee}.
 15488 | Lair:6   | Entered Level 6 of the Lair of Beasts
 15663 | Lair:6   | 15663 ||| EATING 28 rations.
 15720 | Lair:6   | Noticed a death yak
 15754 | Lair:6   | Noticed a death yak
 15754 | Lair:6   | Noticed an entropy weaver
 15755 | Lair:6   | Noticed a death yak
 15759 | Lair:6   | Noticed a queen ant
 15759 | Lair:6   | Noticed a death yak
 15761 | Lair:6   | Noticed an entropy weaver
 15763 | Lair:6   | 15763 ||| INVOKING Berserk.
 15772 | Lair:6   | Killed a death yak
 15779 | Lair:6   | Killed a death yak
 15779 | Lair:6   | Killed a death yak
 15779 | Lair:6   | Reached XP level 13. HP: 58/84 MP: 13/13
 15780 | Lair:6   | Killed an entropy weaver
 15793 | Lair:6   | Killed an entropy weaver
 15797 | Lair:6   | 15797 ||| READING scroll of teleportation.
 15810 | Lair:6   | 15810 ||| INVOKING Brothers in Arms.
 15811 | Lair:6   | HP: 20/84 [soldier ant (6)]
 15812 | Lair:6   | 15812 ||| DRINKING 6 potions of heal wounds.
 15812 | Lair:6   | Reached skill level 15 in Axes
 15843 | Lair:6   | 15843 ||| INVOKING Berserk.
 15871 | Lair:6   | 15871 ||| INVOKING Brothers in Arms.
 16145 | Lair:6   | 16145 ||| INVOKING Brothers in Arms.
 16146 | Lair:6   | 16146 ||| INVOKING Brothers in Arms.
 16147 | Lair:6   | 16147 ||| SWAPPING to +0 flail.
 16148 | Lair:6   | 16148 ||| INVOKING Berserk.
 16159 | Lair:6   | 16159 ||| SWAPPING to +2 war axe.
 16177 | Lair:6   | Reached skill level 12 in Fighting
 16192 | Lair:6   | 16192 ||| STAIRDANCE
 16222 | Lair:5   | 16222 ||| EATING 27 rations.
 16358 | Lair:6   | 16358 ||| INVOKING Brothers in Arms.
 16360 | Lair:6   | 16360 ||| SWAPPING to +0 flail.
 16361 | Lair:6   | 16361 ||| INVOKING Berserk.
 16366 | Lair:6   | Noticed Rupert
 16372 | Lair:6   | 16372 ||| INVOKING Trog's Hand.
 16373 | Lair:6   | 16373 ||| SWAPPING to +2 war axe.
 16376 | Lair:6   | Killed Rupert
 16479 | Lair:6   | Found a viscous altar of Jiyva.
 16479 | Lair:6   | Found a staircase to the Slime Pits.
 16484 | Lair:6   | 16484 ||| INVOKING Brothers in Arms.
 16485 | Lair:6   | 16485 ||| SWAPPING to +0 flail.
 16486 | Lair:6   | 16486 ||| INVOKING Berserk.
 16493 | Lair:6   | 16493 ||| SWAPPING to +2 war axe.
 16856 | Lair:6   | 16856 ||| INVOKING Brothers in Arms.
 16858 | Lair:6   | 16858 ||| SWAPPING to +0 flail.
 16859 | Lair:6   | 16859 ||| INVOKING Berserk.
 16867 | Lair:6   | 16867 ||| SWAPPING to +2 war axe.
 16870 | Lair:6   | 16870 ||| UPGRADING to square lapis lazuli amulet.
 16871 | Lair:6   | 16871 ||| READING scroll labeled BAITOO OCEFFO.
 16873 | Lair:6   | Noticed a fire dragon
 17116 | Lair:6   | 17116 ||| STAIRDANCE
 17675 | Lair:6   | Found a large runed door.
 17676 | Lair:6   | Found a large runed door.
 17994 | D:9      | Received a gift from Trog
 17995 | D:9      | Gained mutation: Your large and strong wings let you fly indefinitely. [Gargoyle growth]
 17995 | D:9      | Reached XP level 14. HP: 92/92 MP: 14/14
 18006 | D:9      | 18006 ||| INVOKING Fly.
 18006 | D:9      | 18006 ||| FLYING.
 18112 | D:9      | Noticed Grum
 18122 | D:9      | Killed Grum
 18150 | D:9      | Noticed Erica
 18168 | D:9      | 18168 ||| INVOKING Berserk.
 18173 | D:9      | Killed Erica
 18442 | D:9      | Noticed Gastronok
 18503 | D:9      | Killed Gastronok
 18503 | D:9      | Reached skill level 13 in Fighting
 18574 | D:9      | Found an ornate altar of the Wu Jian Council.
 18574 | D:9      | Found a shimmering altar of Xom.
 18579 | D:9      | Found a faded altar of an unknown god.
 18585 | D:9      | Found a deep blue altar of Sif Muna.
 18588 | D:9      | Found a glowing silver altar of Zin.
 18620 | D:9      | 18620 ||| UPGRADING to cloak.
 18625 | D:9      | 18625 ||| UPGRADING to blackened silver ring.
 18627 | D:9      | 18627 ||| UPGRADING to +3 ring of slaying {mikee}.
 18629 | D:9      | 18629 ||| DROPPING ring of protection from cold.
 18630 | D:9      | 18630 ||| DROPPING wand of paralysis (9).
 18647 | D:10     | Entered Level 10 of the Dungeon
 18901 | D:10     | 18901 ||| SWAPPING to broad axe.
 18902 | D:10     | 18902 ||| DROPPING +2 war axe.
 19400 | D:10     | 19400 ||| UPGRADING to blackened fluorescent amulet.
 19402 | D:10     | 19402 ||| READING 11 scrolls of remove curse.
 19403 | D:10     | 19403 ||| REMOVING amulet of inaccuracy.
 19404 | D:10     | 19404 ||| UPGRADING to amulet of guardian spirit.
 19405 | D:10     | 19405 ||| DROPPING amulet of inaccuracy.
 19610 | D:11     | Received a gift from Trog
 19830 | D:11     | Noticed Nergalle
 19866 | D:11     | Killed Nergalle
 19872 | D:11     | 19872 ||| EATING 29 rations.
 19998 | D:11     | 19998 ||| EATING 29 rations.
 20016 | D:11     | Found a sacrificial altar of Ru.
 20020 | D:11     | 20020 ||| INVOKING Berserk.
 20151 | D:11     | 20151 ||| UPGRADING to shield.
 20161 | D:11     | 20161 ||| DROPPING +0 buckler.
 20162 | D:11     | 20162 ||| UPGRADING to pair of runed gloves.
 20172 | D:11     | 20172 ||| DROPPING +2 pair of gloves.
 20387 | D:12     | 20387 ||| Eating in order to wield vampiric weapon.
 20387 | D:12     | 20387 ||| EATING 29 rations.
 20388 | D:12     | 20388 ||| Eating in order to wield vampiric weapon.
 20388 | D:12     | 20388 ||| EATING 28 rations.
 20389 | D:12     | 20389 ||| UPGRADING to vampiric war axe.
 20390 | D:12     | 20390 ||| DROPPING +0 broad axe.
 20516 | D:12     | Found a staircase to the Orcish Mines.
 20806 | D:12     | 20806 ||| READING 2 scrolls of enchant weapon.
 20806 | D:12     | 20806 ||| ENCHANTING +1 vampiric war axe.
 20807 | D:12     | 20807 ||| READING scroll of enchant weapon.
 20807 | D:12     | 20807 ||| ENCHANTING +2 vampiric war axe.
 21046 | D:12     | Reached skill level 6 in Shields
 21219 | D:12     | 21219 ||| INVOKING Brothers in Arms.
 21221 | D:12     | 21221 ||| INVOKING Berserk.
 21228 | D:12     | 21228 ||| EATING 33 rations.
 21331 | D:12     | 21331 ||| UPGRADING to embroidered scarf.
 21341 | D:12     | 21341 ||| REMOVING amulet of guardian spirit.
 21342 | D:12     | 21342 ||| UPGRADING to +0 cloak.
 21352 | D:12     | 21352 ||| DROPPING scarf of spirit shield.
 21353 | D:12     | 21353 ||| UPGRADING to amulet of guardian spirit.
 21509 | D:13     | 21509 ||| READING scroll of enchant armour.
 21509 | D:13     | 21509 ||| ENCHANTING +1 pair of gloves of dexterity.
 22233 | D:13     | 22233 ||| READING 14 scrolls of identify.
 22233 | D:13     | 22233 ||| IDENTIFYING dark potion
 22234 | D:13     | 22234 ||| DROPPING potion of brilliance.
 22327 | D:14     | Noticed Azrael
 22328 | D:14     | 22328 ||| INVOKING Brothers in Arms.
 22351 | D:14     | 22351 ||| READING 3 scrolls of teleportation.
 22382 | D:14     | 22382 ||| INVOKING Trog's Hand.
 22419 | D:14     | Reached skill level 9 in Shields
 22424 | D:14     | Received a gift from Trog
 22425 | D:14     | 22425 ||| EATING 35 rations.
 22457 | D:14     | 22457 ||| READING scroll of enchant weapon.
 22457 | D:14     | 22457 ||| ENCHANTING +3 vampiric war axe.
 22519 | D:14     | 22519 ||| INVOKING Trog's Hand.
 22562 | D:14     | Found a gate to the Vaults.
 22623 | D:14     | Found a sacrificial altar of Ru.
 22630 | D:14     | Noticed Agnes
 22646 | D:14     | 22646 ||| INVOKING Brothers in Arms.
 22647 | D:14     | 22647 ||| INVOKING Berserk.
 22658 | D:14     | Killed Agnes
 23113 | D:14     | Reached XP level 15. HP: 94/99 MP: 13/15
 23210 | D:14     | 23210 ||| UPGRADING to knobbly peridot ring.
 23212 | D:14     | 23212 ||| REMOVING ring of poison resistance.
 23213 | D:14     | 23213 ||| DROPPING ring of poison resistance.
 23214 | D:14     | 23214 ||| UPGRADING to +3 ring of slaying {mikee}.
 23215 | D:14     | 23215 ||| READING 16 scrolls of identify.
 23215 | D:14     | 23215 ||| IDENTIFYING lumpy yellow potion
 23216 | D:14     | 23216 ||| DROPPING potion of flight.
 23217 | D:14     | 23217 ||| DROPPING 20 tomahawks.
 23218 | D:14     | 23218 ||| DROPPING 2 tomahawks of dispersal.
 23219 | D:14     | 23219 ||| DROPPING 4 poisoned tomahawks.
 23226 | D:15     | Entered Level 15 of the Dungeon
 23499 | D:15     | Found a staircase to the Depths.
 23508 | D:15     | 23508 ||| INVOKING Berserk.
 23546 | D:15     | Reached skill level 12 in Shields
 23791 | D:15     | 23791 ||| INVOKING Brothers in Arms.
 23796 | D:15     | 23796 ||| EATING 37 rations.
 23867 | D:15     | Noticed Roxanne
 23868 | D:15     | 23868 ||| INVOKING Brothers in Arms.
 23874 | D:15     | 23874 ||| INVOKING Berserk.
 23880 | D:15     | Killed Roxanne
 24019 | D:15     | 24019 ||| INVOKING Berserk.
 24025 | D:15     | Killed Azrael
 24078 | D:15     | 24078 ||| STAIRDANCE
 24283 | D:15     | 24283 ||| STAIRDANCE
 24294 | D:15     | 24294 ||| STAIRDANCE
 24801 | Orc:1    | Entered Level 1 of the Orcish Mines
 24801 | Orc:1    | Found Rirr's Magic Scroll Boutique.
 24802 | Orc:1    | 24802 ||| Entered O.
 24802 | Orc:1    | 24802 ||| STAIRDANCE
 24815 | Orc:1    | 24815 ||| STAIRDANCE
 24843 | Orc:1    | 24843 ||| STAIRDANCE
 24854 | Orc:1    | 24854 ||| STAIRDANCE
 24908 | Orc:1    | 24908 ||| STAIRDANCE
 24937 | Orc:1    | 24937 ||| STAIRDANCE
 24944 | Orc:1    | 24944 ||| STAIRDANCE
 24953 | Orc:1    | 24953 ||| STAIRDANCE
 24965 | Orc:1    | 24965 ||| STAIRDANCE
 24983 | Orc:1    | 24983 ||| STAIRDANCE
 25016 | Orc:1    | Bought a scroll of teleportation for 48 gold pieces
 25016 | Orc:1    | Bought a scroll of enchant weapon for 120 gold pieces
 25016 | Orc:1    | 25016 ||| READING scroll of enchant weapon.
 25016 | Orc:1    | 25016 ||| ENCHANTING +4 vampiric war axe.
 25195 | Orc:1    | Received a gift from Trog
 25315 | Orc:2    | Entered Level 2 of the Orcish Mines
 25324 | Orc:2    | Noticed Snorg
 25336 | Orc:2    | 25336 ||| INVOKING Berserk.
 25339 | Orc:2    | Killed Snorg
 25524 | Orc:2    | 25524 ||| INVOKING Berserk.
 25533 | Orc:2    | Paralysed by an orc sorcerer for 3 turns
 25589 | Orc:2    | 25589 ||| UPGRADING to flail of draining.
 25590 | Orc:2    | 25590 ||| Eating in order to wield vampiric weapon.
 25590 | Orc:2    | 25590 ||| EATING 38 rations.
 25591 | Orc:2    | 25591 ||| Eating in order to wield vampiric weapon.
 25591 | Orc:2    | 25591 ||| EATING 37 rations.
 25592 | Orc:2    | 25592 ||| UPGRADING to +5 vampiric war axe.
 25593 | Orc:2    | 25593 ||| DROPPING +0 flail.
 25760 | Orc:2    | 25760 ||| STAIRDANCE
 25810 | Orc:2    | Found Lagie's General Store.
 25813 | Orc:2    | Found Enoasael's General Store.
 25843 | Orc:2    | Gained mutation: You are frail. (-10% HP) [a neqoxec]
 25845 | Orc:2    | Gained mutation: You are clumsy. (Dex -2) [a neqoxec]
 25848 | Orc:2    | Gained mutation: Scrolls take you a little longer to read. [a neqoxec]
 25873 | Orc:2    | 25873 ||| STAIRDANCE
 25927 | Orc:1    | 25927 ||| DRINKING 7 potions of mutation.
 25927 | Orc:1    | Lost mutation: You are clumsy. (Dex -2) [potion of mutation]
 25927 | Orc:1    | Lost mutation: You are frail. (-10% HP) [potion of mutation]
 25927 | Orc:1    | Lost mutation: Scrolls take you a little longer to read. [potion of mutation]
 25927 | Orc:1    | Gained mutation: Your muscles are strong. (Str +2) [potion of mutation]
 25927 | Orc:1    | Gained mutation: You are frail. (-10% HP) [potion of mutation]
 25927 | Orc:1    | Lost mutation: Your muscles are strong. (Str +2) [potion of mutation]
 25927 | Orc:1    | Gained mutation: You expend magic power (3 MP) to strengthen your wands. [potion of mutation]
 25928 | Orc:1    | 25928 ||| DRINKING 6 potions of mutation.
 25928 | Orc:1    | Lost mutation: You are frail. (-10% HP) [potion of mutation]
 25928 | Orc:1    | Lost mutation: You expend magic power (3 MP) to strengthen your wands. [potion of mutation]
 25928 | Orc:1    | Gained mutation: You are occasionally teleported next to monsters. [potion of mutation]
 25928 | Orc:1    | Gained mutation: Your mind is acute. (Int +2) [potion of mutation]
 25928 | Orc:1    | Gained mutation: Your mind is very acute. (Int +4) [potion of mutation]
 25966 | Orc:1    | 25966 ||| DRINKING 5 potions of mutation.
 25966 | Orc:1    | Lost mutation: Your mind is very acute. (Int +4) [potion of mutation]
 25966 | Orc:1    | Lost mutation: You are occasionally teleported next to monsters. [potion of mutation]
 25966 | Orc:1    | Lost mutation: Your mind is acute. (Int +2) [potion of mutation]
 25966 | Orc:1    | Gained mutation: Your flesh is cold resistant. (rC+) [potion of mutation]
 25966 | Orc:1    | Gained mutation: You have large cloven feet. [potion of mutation]
 25966 | Orc:1    | Gained mutation: Your mind is acute. (Int +2) [potion of mutation]
 25973 | Orc:2    | Reached skill level 12 in Armour
 26021 | Orc:2    | 26021 ||| DROPPING +0 flail of draining.
 26022 | Orc:2    | 26022 ||| UPGRADING to morningstar.
 26023 | Orc:2    | 26023 ||| Eating in order to wield vampiric weapon.
 26023 | Orc:2    | 26023 ||| EATING 36 rations.
 26025 | Orc:2    | 26025 ||| UPGRADING to +5 vampiric war axe.
 26079 | Orc:2    | Bought a potion of cancellation for 104 gold pieces
 26127 | Orc:2    | 26127 ||| INVOKING Berserk.
 26168 | Orc:2    | 26168 ||| READING 4 scrolls of teleportation.
 26285 | Orc:2    | 26285 ||| INVOKING Berserk.
 26377 | Orc:2    | 26377 ||| INVOKING Trog's Hand.
 26379 | Orc:2    | 26379 ||| INVOKING Berserk.
 26383 | Orc:2    | Reached skill level 14 in Fighting
 26398 | Orc:2    | 26398 ||| READING 3 scrolls of teleportation.
 26497 | Orc:2    | 26497 ||| INVOKING Berserk.
 26514 | Orc:2    | 26514 ||| READING 2 scrolls of teleportation.
 26527 | Orc:2    | Reached XP level 16. HP: 106/106 MP: 16/16
 26586 | Orc:2    | Found a staircase to the Elven Halls.
 26631 | Orc:2    | 26631 ||| INVOKING Berserk.
 26722 | Orc:2    | Found Danan's Book Emporium.
 26722 | Orc:2    | Found a one-way gate leading to the halls of Pandemonium.
 26722 | Orc:2    | Found Gymenout's Antique Armour Shoppe.
 27242 | D:10     | 27242 ||| EATING 35 rations.
 27589 | Lair:6   | 27589 ||| INVOKING Berserk.
 27758 | Shoals:1 | Entered Level 1 of the Shoals
 27759 | Shoals:1 | 27759 ||| Entered A.
 28048 | Shoals:1 | Reached skill level 6 in Dodging
 28070 | Shoals:1 | Found Baezo's Book Shop.
 28525 | Shoals:2 | Reached ****** piety under Trog
 28589 | Shoals:2 | Found Ugaecodgh's Food Emporium.
 28591 | Shoals:2 | Found Sofomn's Antique Weapon Boutique.
 28621 | Shoals:2 | Bought a glowing eveningstar for 558 gold pieces
 28621 | Shoals:2 | 28621 ||| UPGRADING to glowing eveningstar.
 28622 | Shoals:2 | 28622 ||| Eating in order to wield vampiric weapon.
 28622 | Shoals:2 | 28622 ||| EATING 35 rations.
 28623 | Shoals:2 | 28623 ||| Eating in order to wield vampiric weapon.
 28623 | Shoals:2 | 28623 ||| EATING 34 rations.
 28624 | Shoals:2 | 28624 ||| UPGRADING to +5 vampiric war axe.
 28625 | Shoals:2 | 28625 ||| DROPPING +0 morningstar.
 28691 | Shoals:2 | Received a gift from Trog
 28784 | Shoals:2 | Found Fofuki Apse's Weapon Boutique.
 29440 | Shoals:3 | Reached skill level 15 in Fighting
 29648 | Shoals:3 | 29648 ||| INVOKING Trog's Hand.
 30147 | Shoals:3 | 30147 ||| EATING 40 rations.
 30153 | Shoals:4 | Entered Level 4 of the Shoals
 30242 | Shoals:4 | Reached skill level 15 in Shields
 30430 | Shoals:4 | 30430 ||| INVOKING Trog's Hand.
 30469 | Shoals:4 | Noticed Nikola
 30482 | Shoals:4 | Received a gift from Trog
 30491 | Shoals:4 | 30491 ||| INVOKING Berserk.
 30509 | Shoals:4 | 30509 ||| READING 2 scrolls of teleportation.
 30512 | Shoals:4 | 30512 ||| INVOKING Trog's Hand.
 30543 | Shoals:4 | Reached XP level 17. HP: 113/113 MP: 10/17
 30884 | Shoals:4 | 30884 ||| INVOKING Trog's Hand.
 30899 | Shoals:4 | Reached skill level 16 in Fighting
 30905 | Shoals:4 | Got a barnacled rune of Zot
 30946 | Shoals:4 | 30946 ||| UPGRADING to glowing broad axe {god gift}.
 30947 | Shoals:4 | 30947 ||| Eating in order to wield vampiric weapon.
 30947 | Shoals:4 | 30947 ||| EATING 40 rations.
 30948 | Shoals:4 | 30948 ||| Eating in order to wield vampiric weapon.
 30948 | Shoals:4 | 30948 ||| EATING 39 rations.
 30949 | Shoals:4 | 30949 ||| UPGRADING to +5 vampiric war axe.
 30950 | Shoals:4 | 30950 ||| DROPPING +1 antimagic broad axe.
 31284 | Shoals:4 | 31284 ||| INVOKING Trog's Hand.
 31296 | Shoals:4 | Identified the Tome of Snow and Evil Secrets
 31372 | Shoals:4 | 31372 ||| INVOKING Berserk.
 31383 | Shoals:4 | Killed Nikola
 31494 | Shoals:4 | 31494 ||| READING scroll labeled TODOHEXKA.
 31892 | Vaults:1 | Entered Level 1 of the Vaults
 31893 | Vaults:1 | 31893 ||| Entered V.
 31981 | Vaults:1 | Got a glittering copper amulet
 32048 | Vaults:1 | Found a large runed door.
 32048 | Vaults:1 | Found a large runed door.
 32048 | Vaults:1 | Noticed Lagoy's ghost (adept DgWz)
 32048 | Vaults:1 | Noticed Lagoy's ghost (adept DgWz)
 32049 | Vaults:1 | 32049 ||| INVOKING Brothers in Arms.
 32113 | Vaults:1 | 32113 ||| INVOKING Berserk.
 32182 | Vaults:1 | 32182 ||| INVOKING Berserk.
 32240 | Vaults:1 | 32240 ||| INVOKING Trog's Hand.
 32297 | Vaults:1 | 32297 ||| READING scroll of enchant armour.
 32297 | Vaults:1 | 32297 ||| ENCHANTING +0 cloak.
 32302 | Vaults:1 | 32302 ||| INVOKING Trog's Hand.
 32360 | Vaults:1 | 32360 ||| INVOKING Trog's Hand.
 32574 | Vaults:1 | 32574 ||| INVOKING Trog's Hand.
 32591 | Vaults:1 | 32591 ||| READING scroll of enchant armour.
 32591 | Vaults:1 | 32591 ||| ENCHANTING +1 cloak.
 32854 | Vaults:1 | 32854 ||| INVOKING Trog's Hand.
 32861 | Vaults:1 | 32861 ||| INVOKING Berserk.
 32866 | Vaults:1 | Reached skill level 17 in Fighting
 33252 | Vaults:1 | Received a gift from Trog
 33577 | Vaults:1 | 33577 ||| UPGRADING to pair of embroidered gloves.
 33587 | Vaults:1 | 33587 ||| READING 14 scrolls of remove curse.
 33588 | Vaults:1 | 33588 ||| UPGRADING to +2 pair of gloves of dexterity.
 33598 | Vaults:1 | 33598 ||| DROPPING +0 pair of gloves.
 33599 | Vaults:1 | 33599 ||| UPGRADING to glittering copper amulet.
 33600 | Vaults:1 | Identified the amulet of Suap Paz {Inacc rPois Str+2} (You found it on level 1 of the Vaults)
 33601 | Vaults:1 | 33601 ||| REMOVING amulet of Suap Paz {Inacc rPois Str+2}.
 33602 | Vaults:1 | 33602 ||| UPGRADING to amulet of guardian spirit.
 33603 | Vaults:1 | 33603 ||| DROPPING amulet of Suap Paz {Inacc rPois Str+2}.
 33826 | Vaults:2 | 33826 ||| INVOKING Berserk.
 33829 | Vaults:2 | Reached skill level 15 in Armour
 33845 | Vaults:2 | Reached XP level 18. HP: 123/123 MP: 16/18
 33862 | Vaults:2 | 33862 ||| INVOKING Trog's Hand.
 33898 | Vaults:2 | 33898 ||| INVOKING Trog's Hand.
 33946 | Vaults:2 | 33946 ||| INVOKING Trog's Hand.
 33947 | Vaults:2 | 33947 ||| EATING 44 rations.
 33964 | Vaults:2 | Received a gift from Trog
 33973 | Vaults:2 | 33973 ||| DROPPING +0 eveningstar of draining.
 34169 | Vaults:2 | Reached skill level 18 in Fighting
 34358 | Vaults:2 | Paralysed by an orc sorcerer for 4 turns
 34737 | Vaults:2 | Found a staircase to the Crypt.
 34737 | Vaults:2 | Found a basalt altar of Yredelemnul.
 34738 | Vaults:2 | Found an ancient bone altar of Kikubaaqudgha.
 34907 | Vaults:2 | 34907 ||| EATING 46 rations.
 35102 | Vaults:2 | 35102 ||| UPGRADING to blackened garnet ring.
 35104 | Vaults:2 | 35104 ||| REMOVING ring of wizardry.
 35105 | Vaults:2 | 35105 ||| DROPPING ring of wizardry.
 35106 | Vaults:2 | 35106 ||| UPGRADING to coral ring.
 35107 | Vaults:2 | 35107 ||| REMOVING ring of stealth.
 35108 | Vaults:2 | 35108 ||| DROPPING ring of stealth.
 35109 | Vaults:2 | 35109 ||| UPGRADING to +3 ring of slaying {mikee}.
 35110 | Vaults:2 | 35110 ||| READING scroll labeled WOSI DYLAOCLAE.
 35278 | Vaults:3 | 35278 ||| INVOKING Trog's Hand.
 35310 | Vaults:3 | 35310 ||| INVOKING Trog's Hand.
 35717 | Vaults:3 | 35717 ||| INVOKING Berserk.
 35732 | Vaults:3 | Received a gift from Trog
 35988 | Vaults:3 | 35988 ||| INVOKING Trog's Hand.
 35991 | Vaults:3 | 35991 ||| INVOKING Berserk.
 36006 | Vaults:3 | Reached skill level 9 in Dodging
 36006 | Vaults:3 | Reached XP level 19. HP: 132/132 MP: 15/19
 36152 | Vaults:3 | 36152 ||| INVOKING Berserk.
 36311 | Vaults:3 | 36311 ||| INVOKING Berserk.
 36386 | Vaults:3 | Noticed Mennas
 36387 | Vaults:3 | 36387 ||| INVOKING Brothers in Arms.
 36401 | Vaults:3 | 36401 ||| INVOKING Berserk.
 36414 | Vaults:3 | 36414 ||| DRINKING 10 potions of curing.
 36414 | Vaults:3 | 36414 ||| (to cure confusion)
 36418 | Vaults:3 | Killed Mennas
 36418 | Vaults:3 | Reached skill level 19 in Fighting
 36419 | Vaults:3 | 36419 ||| EATING 46 rations.
 36876 | Vaults:3 | Noticed a tentacled monstrosity
 37036 | Vaults:3 | Found Roannys's Distillery.
 37044 | Vaults:3 | 37044 ||| INVOKING Trog's Hand.
 37072 | Vaults:3 | Bought a potion of curing for 51 gold pieces
 37072 | Vaults:3 | Bought 2 potions of might for 136 gold pieces
 37072 | Vaults:3 | Bought a potion of haste for 170 gold pieces
 37072 | Vaults:3 | Bought a potion of haste for 170 gold pieces
 37072 | Vaults:3 | Bought a potion of haste for 170 gold pieces
 37072 | Vaults:3 | Bought a potion of heal wounds for 85 gold pieces
 37120 | Vaults:3 | 37120 ||| UPGRADING to glowing cloak.
 37130 | Vaults:3 | 37130 ||| UPGRADING to +2 cloak.
 37140 | Vaults:3 | 37140 ||| DROPPING +1 cloak.
 37141 | Vaults:3 | 37141 ||| UPGRADING to glowing plate armour.
 37151 | Vaults:3 | 37151 ||| UPGRADING to +8 chain mail "Qesahuab" {+Blink rPois rF+ rC++}.
 37161 | Vaults:3 | 37161 ||| DROPPING +2 plate armour of poison resistance.
 37162 | Vaults:3 | 37162 ||| UPGRADING to large shield.
 37172 | Vaults:3 | 37172 ||| DROPPING +0 shield.
 37223 | Vaults:4 | 37223 ||| INVOKING Trog's Hand.
 37231 | Vaults:4 | 37231 ||| INVOKING Berserk.
 37329 | Vaults:4 | 37329 ||| INVOKING Trog's Hand.
 37476 | Vaults:4 | Found a snail-covered altar of Cheibriados.
 37817 | Vaults:4 | 37817 ||| INVOKING Trog's Hand.
 37830 | Vaults:4 | Received a gift from Trog
 38040 | Vaults:4 | 38040 ||| INVOKING Trog's Hand.
 38044 | Vaults:4 | 38044 ||| Stepping randomly (cloudy).
 38117 | Vaults:4 | 38117 ||| INVOKING Trog's Hand.
 38292 | Vaults:4 | Got a dazzling cloak
 38574 | Vaults:4 | 38574 ||| UPGRADING to dazzling cloak.
 38584 | Vaults:4 | Identified the +2 cloak of Past Mistakes {Int+2} (You found it on level 4 of the Vaults)
 38584 | Vaults:4 | 38584 ||| DROPPING +2 cloak.
 38585 | Vaults:4 | 38585 ||| READING scroll labeled GAPEPA VO CEAR.
 38743 | D:13     | 38743 ||| EATING 47 rations.
 39058 | Spider:1 | Entered Level 1 of the Spider Nest
 39059 | Spider:1 | 39059 ||| Entered N.
 39123 | Spider:1 | 39123 ||| INVOKING Brothers in Arms.
 39183 | Spider:1 | 39183 ||| INVOKING Brothers in Arms.
 39327 | Spider:1 | 39327 ||| INVOKING Berserk.
 39422 | Spider:1 | 39422 ||| INVOKING Brothers in Arms.
 39456 | Spider:1 | 39456 ||| INVOKING Brothers in Arms.
 39463 | Spider:1 | 39463 ||| EATING 48 rations.
 39747 | Spider:1 | 39747 ||| UPGRADING to glass ring.
 39749 | Spider:1 | 39749 ||| DROPPING +3 ring of slaying {mikee}.
 39761 | Spider:2 | 39761 ||| STAIRDANCE
 39775 | Spider:2 | 39775 ||| STAIRDANCE
 39777 | Spider:1 | 39777 ||| INVOKING Brothers in Arms.
 39817 | Spider:2 | 39817 ||| STAIRDANCE
 39889 | Spider:2 | Reached XP level 20. HP: 139/139 MP: 20/20
 40212 | Spider:2 | Received a gift from Trog
 40304 | Spider:2 | 40304 ||| DRINKING 10 potions of curing.
 40304 | Spider:2 | 40304 ||| (to cure confusion)
 40351 | Spider:2 | Reached skill level 18 in Shields
 40573 | Spider:2 | 40573 ||| UPGRADING to twisted brass amulet.
 40575 | Spider:2 | 40575 ||| READING 14 scrolls of remove curse.
 40576 | Spider:2 | 40576 ||| REMOVING amulet of rage.
 40577 | Spider:2 | 40577 ||| UPGRADING to amulet of guardian spirit.
 40578 | Spider:2 | 40578 ||| DROPPING amulet of rage.
 40729 | Spider:3 | 40729 ||| READING scroll of enchant weapon.
 40729 | Spider:3 | 40729 ||| ENCHANTING +5 vampiric war axe.
 41236 | Spider:3 | Received a gift from Trog
 41284 | Spider:3 | 41284 ||| INVOKING Brothers in Arms.
 41285 | Spider:3 | 41285 ||| INVOKING Brothers in Arms.
 41893 | Spider:3 | 41893 ||| UPGRADING to ring of strength.
 41895 | Spider:3 | 41895 ||| UPGRADING to +3 ring of evasion.
 41897 | Spider:3 | 41897 ||| DROPPING +3 ring of strength.
 41927 | Spider:4 | Entered Level 4 of the Spider Nest
 42319 | Spider:4 | 42319 ||| INVOKING Brothers in Arms.
 42325 | Spider:4 | 42325 ||| INVOKING Brothers in Arms.
 42707 | Spider:4 | Received a gift from Trog
 42859 | Spider:4 | Got a gossamer rune of Zot
 43052 | Spider:4 | 43052 ||| INVOKING Berserk.
 43102 | Spider:4 | 43102 ||| EATING 51 rations.
 43979 | Depths:1 | Entered Level 1 of the Depths
 43980 | Depths:1 | 43980 ||| Entered U.
 44037 | Depths:1 | Found a gateway to Hell.
 44119 | Depths:1 | Reached skill level 20 in Fighting
 44121 | Depths:1 | 44121 ||| INVOKING Brothers in Arms.
 44156 | Depths:1 | Found a shattered altar of Ashenzari.
 44317 | Depths:1 | 44317 ||| INVOKING Trog's Hand.
 44323 | Depths:1 | 44323 ||| ZAPPING wand of digging (24).
 44326 | Depths:1 | Paralysed by a floating eye for 4 turns
 44334 | Depths:1 | 44334 ||| INVOKING Brothers in Arms.
 44335 | Depths:1 | Paralysed by a floating eye for 4 turns
 44340 | Depths:1 | 44340 ||| INVOKING Brothers in Arms.
 44347 | Depths:1 | 44347 ||| INVOKING Trog's Hand.
 44359 | Depths:1 | Found a gateway to a ziggurat.
 44749 | Depths:1 | 44749 ||| UPGRADING to blackened wooden ring.
 44751 | Depths:1 | 44751 ||| UPGRADING to +3 ring of evasion.
 44753 | Depths:1 | 44753 ||| DROPPING ring of protection from magic.
 44852 | Depths:2 | 44852 ||| INVOKING Berserk.
 44984 | Depths:2 | 44984 ||| INVOKING Trog's Hand.
 45020 | Depths:2 | Reached XP level 21. HP: 126/146 MP: 18/21
 45091 | Depths:2 | Received a gift from Trog
 45295 | Depths:2 | 45295 ||| INVOKING Trog's Hand.
 45338 | Depths:2 | 45338 ||| INVOKING Trog's Hand.
 45472 | Depths:2 | Found an iron altar of Okawaru.
 45473 | Depths:2 | Found an ornate altar of the Wu Jian Council.
 45473 | Depths:2 | Found a blossoming altar of Fedhas.
 45559 | Depths:2 | 45559 ||| INVOKING Berserk.
 45741 | Depths:2 | 45741 ||| INVOKING Trog's Hand.
 45742 | Depths:2 | 45742 ||| INVOKING Brothers in Arms.
 45758 | Depths:2 | Reached skill level 18 in Armour
 45898 | Depths:2 | Noticed a caustic shrike
 45899 | Depths:2 | 45899 ||| INVOKING Brothers in Arms.
 45900 | Depths:2 | 45900 ||| INVOKING Berserk.
 45913 | Depths:2 | Killed a caustic shrike
 45913 | Depths:2 | Received a gift from Trog
 45985 | Depths:2 | 45985 ||| INVOKING Brothers in Arms.
 45986 | Depths:2 | 45986 ||| INVOKING Berserk.
 46022 | Depths:2 | 46022 ||| INVOKING Trog's Hand.
 46079 | Depths:2 | 46079 ||| INVOKING Trog's Hand.
 46157 | Depths:2 | 46157 ||| INVOKING Trog's Hand.
 46161 | Depths:2 | 46161 ||| INVOKING Berserk.
 46194 | Depths:2 | 46194 ||| READING 2 scrolls of teleportation.
 46345 | Depths:2 | 46345 ||| INVOKING Berserk.
 46367 | Depths:2 | 46367 ||| INVOKING Trog's Hand.
 46720 | Depths:2 | 46720 ||| UPGRADING to glowing large shield.
 46730 | Depths:2 | 46730 ||| DROPPING +0 large shield.
 46731 | Depths:2 | 46731 ||| DROPPING 16 silver javelins.
 46732 | Depths:2 | 46732 ||| DROPPING 3 javelins.
 46796 | Depths:3 | Reached skill level 21 in Fighting
 47012 | Depths:3 | Noticed Saint Roka
 47038 | Depths:3 | Killed Saint Roka
 47038 | Depths:3 | Reached XP level 22. HP: 150/155 MP: 15/22
 47097 | Depths:3 | 47097 ||| INVOKING Brothers in Arms.
 47100 | Depths:3 | 47100 ||| INVOKING Brothers in Arms.
 47119 | Depths:3 | 47119 ||| INVOKING Trog's Hand.
 47137 | Depths:3 | 47137 ||| INVOKING Brothers in Arms.
 47155 | Depths:3 | 47155 ||| INVOKING Trog's Hand.
 47217 | Depths:3 | 47217 ||| INVOKING Trog's Hand.
 47222 | Depths:3 | 47222 ||| READING 2 scrolls of teleportation.
 47345 | Depths:3 | 47345 ||| STAIRDANCE
 47401 | Depths:3 | 47401 ||| INVOKING Trog's Hand.
 47473 | Depths:3 | 47473 ||| INVOKING Trog's Hand.
 47486 | Depths:3 | 47486 ||| INVOKING Berserk.
 47505 | Depths:3 | 47505 ||| INVOKING Trog's Hand.
 47524 | Depths:3 | 47524 ||| EATING 59 rations.
 47528 | Depths:3 | 47528 ||| READING scroll of teleportation.
 47528 | Depths:3 | HP: 27/155 [spriggan air mage/the air[a boggart] (36)]
 47529 | Depths:3 | 47529 ||| DRINKING 12 potions of heal wounds.
 47891 | Depths:3 | 47891 ||| INVOKING Berserk.
 47907 | Depths:3 | Reached skill level 21 in Shields
 47926 | Depths:3 | 47926 ||| EATING 59 rations.
 47993 | Depths:3 | 47993 ||| READING scroll of enchant weapon.
 47993 | Depths:3 | 47993 ||| ENCHANTING +6 vampiric war axe.
 48015 | Depths:3 | 48015 ||| INVOKING Trog's Hand.
 48071 | Depths:3 | 48071 ||| INVOKING Trog's Hand.
 48100 | Depths:3 | 48100 ||| INVOKING Berserk.
 48126 | Depths:3 | 48126 ||| INVOKING Trog's Hand.
 48318 | Depths:3 | Noticed Jory
 48362 | Depths:3 | Killed Jory
 48452 | Depths:3 | 48452 ||| INVOKING Berserk.
 48893 | Depths:3 | 48893 ||| UPGRADING to glowing cloak.
 48903 | Depths:3 | 48903 ||| DROPPING +2 cloak of Past Mistakes {Int+2}.
 48904 | Depths:3 | 48904 ||| UPGRADING to crystal plate armour.
 48914 | Depths:3 | 48914 ||| UPGRADING to +8 chain mail "Qesahuab" {+Blink rPois rF+ rC++}.
 48996 | Depths:4 | 48996 ||| INVOKING Berserk.
 49009 | Depths:4 | 49009 ||| EATING 60 rations.
 49303 | Depths:4 | Reached skill level 22 in Fighting
 49313 | Depths:4 | 49313 ||| INVOKING Trog's Hand.
 49319 | Depths:4 | 49319 ||| INVOKING Brothers in Arms.
 49348 | Depths:4 | 49348 ||| INVOKING Brothers in Arms.
 49349 | Depths:4 | 49349 ||| INVOKING Berserk.
 49477 | Depths:4 | Reached XP level 23. HP: 141/162 MP: 17/23
 49836 | Depths:4 | Found a one-way gate to the infinite horrors of the Abyss.
 50190 | Depths:5 | Entered Level 5 of the Depths
 50191 | Depths:5 | Noticed Boris
 50196 | Depths:5 | 50196 ||| STAIRDANCE
 50216 | Depths:5 | 50216 ||| INVOKING Brothers in Arms.
 50236 | Depths:5 | Killed Boris
 50237 | Depths:5 | 50237 ||| EATING 64 rations.
 50253 | Depths:5 | 50253 ||| INVOKING Trog's Hand.
 50400 | Depths:5 | 50400 ||| INVOKING Berserk.
 50743 | Depths:5 | 50743 ||| INVOKING Brothers in Arms.
 50748 | Depths:5 | 50748 ||| INVOKING Brothers in Arms.
 50945 | Depths:5 | 50945 ||| Stepping ~*~*~tactically~*~*~ (cloud).
 51088 | Depths:5 | 51088 ||| DRINKING 3 potions of cancellation.
 51108 | Depths:5 | 51108 ||| READING 3 scrolls of teleportation.
 51109 | Depths:5 | 51109 ||| INVOKING Berserk.
 51525 | Depths:5 | Found a gate to the Realm of Zot.
 51934 | Depths:5 | 51934 ||| UPGRADING to glowing cloak.
 51944 | Depths:5 | 51944 ||| DROPPING +2 cloak.
 51945 | Depths:5 | 51945 ||| UPGRADING to runed cloak.
 51955 | Depths:5 | 51955 ||| DROPPING +2 cloak.
 51956 | Depths:5 | 51956 ||| UPGRADING to glowing cloak.
 51966 | Depths:5 | 51966 ||| DROPPING +2 cloak.
 52178 | D:15     | 52178 ||| DROPPING silver javelin.
 52358 | Vaults:5 | Entered Level 5 of the Vaults
 52359 | Vaults:5 | 52359 ||| INVOKING Trog's Hand.
 52360 | Vaults:5 | 52360 ||| STAIRDANCE
 52385 | Vaults:4 | 52385 ||| EATING 64 rations.
 52401 | Vaults:5 | 52401 ||| INVOKING Trog's Hand.
 52402 | Vaults:5 | Noticed a golden dragon
 52415 | Vaults:5 | Paralysed by a floating eye for 2 turns
 52419 | Vaults:5 | Reached skill level 23 in Fighting
 52420 | Vaults:5 | 52420 ||| INVOKING Berserk.
 52423 | Vaults:5 | Paralysed by a floating eye for 3 turns
 52432 | Vaults:5 | Paralysed by a floating eye for 4 turns
 52436 | Vaults:5 | Noticed a golden dragon
 52455 | Vaults:5 | Killed a golden dragon
 52458 | Vaults:5 | 52458 ||| INVOKING Trog's Hand.
 52461 | Vaults:5 | Reached XP level 24. HP: 152/171 MP: 7/23
 52622 | Vaults:5 | 52622 ||| INVOKING Trog's Hand.
 52630 | Vaults:5 | Received a gift from Trog
 52638 | Vaults:5 | 52638 ||| INVOKING Trog's Hand.
 52675 | Vaults:5 | 52675 ||| INVOKING Trog's Hand.
 52711 | Vaults:5 | Paralysed by a floating eye for 3 turns
 53042 | Vaults:5 | 53042 ||| INVOKING Trog's Hand.
 53103 | Vaults:5 | 53103 ||| INVOKING Brothers in Arms.
 53104 | Vaults:5 | 53104 ||| INVOKING Trog's Hand.
 53128 | Vaults:5 | 53128 ||| INVOKING Berserk.
 53148 | Vaults:5 | 53148 ||| INVOKING Trog's Hand.
 53150 | Vaults:5 | 53150 ||| READING 2 scrolls of teleportation.
 53162 | Vaults:5 | 53162 ||| READING scroll of teleportation.
 53168 | Vaults:5 | 53168 ||| STAIRDANCE
 53186 | Vaults:4 | 53186 ||| UPGRADING to shiny helmet.
 53196 | Vaults:4 | 53196 ||| UPGRADING to +2 helmet of see invisible.
 53206 | Vaults:4 | 53206 ||| DROPPING +1 helmet.
 53207 | Vaults:4 | 53207 ||| UPGRADING to dented citrine amulet.
 53209 | Vaults:4 | 53209 ||| REMOVING amulet of harm.
 53210 | Vaults:4 | 53210 ||| UPGRADING to amulet of guardian spirit.
 53211 | Vaults:4 | 53211 ||| DROPPING amulet of harm.
 53212 | Vaults:4 | 53212 ||| UPGRADING to peridot ring.
 53214 | Vaults:4 | 53214 ||| READING 14 scrolls of remove curse.
 53215 | Vaults:4 | 53215 ||| REMOVING ring of teleportation.
 53216 | Vaults:4 | 53216 ||| DROPPING ring of teleportation.
 53217 | Vaults:4 | 53217 ||| DROPPING ring of teleportation.
 53218 | Vaults:4 | 53218 ||| UPGRADING to +3 ring of evasion.
 53219 | Vaults:4 | 53219 ||| READING scroll labeled XID LIENUNT.
 53222 | Vaults:5 | 53222 ||| STAIRDANCE
 53271 | Vaults:4 | 53271 ||| EATING 65 rations.
 53274 | Vaults:5 | 53274 ||| STAIRDANCE
 53321 | Vaults:5 | 53321 ||| STAIRDANCE
 53323 | Vaults:4 | 53323 ||| INVOKING Trog's Hand.
 53342 | Vaults:5 | Noticed an ancient lich
 53343 | Vaults:5 | 53343 ||| STAIRDANCE
 53361 | Vaults:5 | 53361 ||| STAIRDANCE
 53382 | Vaults:5 | 53382 ||| INVOKING Trog's Hand.
 53383 | Vaults:5 | 53383 ||| INVOKING Brothers in Arms.
 53384 | Vaults:5 | 53384 ||| INVOKING Berserk.
 53395 | Vaults:5 | Killed an ancient lich
 53414 | Vaults:5 | 53414 ||| INVOKING Brothers in Arms.
 53423 | Vaults:5 | 53423 ||| INVOKING Brothers in Arms.
 53424 | Vaults:5 | Reached skill level 24 in Fighting
 53428 | Vaults:5 | 53428 ||| INVOKING Brothers in Arms.
 53434 | Vaults:5 | 53434 ||| INVOKING Brothers in Arms.
 53445 | Vaults:5 | 53445 ||| INVOKING Brothers in Arms.
 53446 | Vaults:5 | 53446 ||| INVOKING Brothers in Arms.
 53510 | Vaults:5 | Got a warped lapis lazuli ring
 53614 | Vaults:5 | Got a faintly glowing turquoise ring
 53619 | Vaults:5 | Got a wavering lead ring
 53706 | Vaults:5 | 53706 ||| INVOKING Trog's Hand.
 53739 | Vaults:5 | Noticed an ancient lich
 53740 | Vaults:5 | 53740 ||| INVOKING Brothers in Arms.
 53748 | Vaults:5 | 53748 ||| INVOKING Berserk.
 53763 | Vaults:5 | Killed an ancient lich
 53763 | Vaults:5 | Reached XP level 25. HP: 178/178 MP: 23/23
 53775 | Vaults:5 | 53775 ||| INVOKING Trog's Hand.
 53782 | Vaults:5 | 53782 ||| EATING 66 rations.
 53801 | Vaults:5 | Reached skill level 24 in Shields
 54227 | Vaults:5 | Got a silver rune of Zot
 54228 | Vaults:5 | Identified the Collected Works on Boosting Stolen Souls
 54348 | Vaults:5 | 54348 ||| INVOKING Berserk.
 54369 | Vaults:5 | 54369 ||| EATING 72 rations.
 54554 | Vaults:5 | 54554 ||| UPGRADING to silver ring.
 54556 | Vaults:5 | 54556 ||| UPGRADING to warped lapis lazuli ring.
 54557 | Vaults:5 | Identified the ring of the Villain {+Fly Dex+4 Slay+2} (You took it off a yaktaur on level 5 of the Vaults)
 54558 | Vaults:5 | 54558 ||| DROPPING +3 ring of evasion.
 54559 | Vaults:5 | 54559 ||| UPGRADING to faintly glowing turquoise ring.
 54560 | Vaults:5 | Identified the ring of Boeta {rC+ MR++} (You took it off a deep elf sorcerer on level 5 of the Vaults)
 54561 | Vaults:5 | 54561 ||| UPGRADING to wavering lead ring.
 54562 | Vaults:5 | Identified the ring "Upros" {rC+ AC+3 Int+5} (You took it off a deep elf sorcerer on level 5 of the Vaults)
 54563 | Vaults:5 | 54563 ||| UPGRADING to ring of the Villain {+Fly Dex+4 Slay+2}.
 54757 | D:15     | 54757 ||| UPGRADING to ring of protection from fire.
 54759 | D:15     | 54759 ||| UPGRADING to ring of the Villain {+Fly Dex+4 Slay+2}.
 54761 | D:15     | 54761 ||| DROPPING +5 ring of strength.
 54983 | Zot:1    | Entered Level 1 of the Realm of Zot
 54984 | Zot:1    | 54984 ||| Entered Z.
 54984 | Zot:1    | 54984 ||| EATING 71 rations.
 54985 | Zot:1    | 54985 ||| EATING 70 rations.
 55203 | Zot:1    | 55203 ||| EATING 69 rations.
 55290 | Zot:1    | 55290 ||| INVOKING Berserk.
 55301 | Zot:1    | Reached skill level 12 in Dodging
 55673 | Zot:1    | 55673 ||| INVOKING Berserk.
 55685 | Zot:1    | 55685 ||| EATING 68 rations.
 55732 | Zot:1    | 55732 ||| INVOKING Berserk.
 55744 | Zot:1    | 55744 ||| INVOKING Brothers in Arms.
 55806 | Zot:1    | 55806 ||| INVOKING Berserk.
 55814 | Zot:1    | 55814 ||| EATING 67 rations.
 55959 | Zot:1    | 55959 ||| INVOKING Berserk.
 56060 | Zot:1    | 56060 ||| INVOKING Berserk.
 56154 | Zot:1    | Reached skill level 21 in Armour
 56168 | Zot:1    | 56168 ||| EATING 68 rations.
 56536 | Zot:1    | 56536 ||| UPGRADING to embroidered cloak.
 56546 | Zot:1    | 56546 ||| DROPPING +2 cloak.
 56547 | Zot:1    | 56547 ||| UPGRADING to shiny plate armour.
 56557 | Zot:1    | 56557 ||| UPGRADING to +0 crystal plate armour.
 56567 | Zot:1    | 56567 ||| UPGRADING to +8 chain mail "Qesahuab" {+Blink rPois rF+ rC++}.
 56577 | Zot:1    | 56577 ||| DROPPING +0 plate armour of magic resistance.
 56578 | Zot:1    | 56578 ||| UPGRADING to glowing cloak.
 56588 | Zot:1    | 56588 ||| DROPPING +2 cloak.
 56589 | Zot:1    | 56589 ||| UPGRADING to blackened peridot ring.
 56591 | Zot:1    | 56591 ||| REMOVING ring of ice.
 56592 | Zot:1    | 56592 ||| UPGRADING to ring "Upros" {rC+ AC+3 Int+5}.
 56593 | Zot:1    | 56593 ||| DROPPING ring of ice.
 56594 | Zot:1    | 56594 ||| UPGRADING to ring of protection from fire.
 56631 | Zot:2    | Received a gift from Trog
 56714 | Zot:2    | Reached XP level 26. HP: 186/186 MP: 13/23
 57052 | Zot:2    | 57052 ||| EATING 67 rations.
 57203 | Zot:2    | Gained mutation: You are weak. (Str -2) [mutagenic glow]
 57248 | Zot:2    | Gained mutation: Your body sometimes deteriorates upon taking damage. [mutagenic glow]
 57633 | Zot:2    | 57633 ||| UPGRADING to runed cloak.
 57643 | Zot:2    | 57643 ||| UPGRADING to +2 cloak.
 57653 | Zot:2    | 57653 ||| DROPPING +1 cloak.
 57736 | Zot:3    | Reached skill level 25 in Fighting
 57929 | Zot:3    | 57929 ||| EATING 67 rations.
 58842 | Zot:3    | 58842 ||| EATING 67 rations.
 58947 | Zot:3    | 58947 ||| INVOKING Berserk.
 59172 | Zot:3    | 59172 ||| UPGRADING to runed cloak.
 59182 | Zot:3    | 59182 ||| DROPPING +2 cloak.
 59395 | Zot:4    | 59395 ||| EATING 66 rations.
 59458 | Zot:4    | Noticed an orb of fire
 59459 | Zot:4    | 59459 ||| DRINKING 3 potions of resistance.
 59460 | Zot:4    | 59460 ||| INVOKING Brothers in Arms.
 59462 | Zot:4    | 59462 ||| INVOKING Berserk.
 59469 | Zot:4    | Lost mutation: Your mind is acute. (Int +2) [an orb of fire]
 59475 | Zot:4    | Gained mutation: You tend to lose your temper in combat. [an orb of fire]
 59484 | Zot:4    | Killed an orb of fire
 59484 | Zot:4    | Received a gift from Trog
 59527 | Zot:4    | 59527 ||| DRINKING 9 potions of mutation.
 59527 | Zot:4    | Lost mutation: You tend to lose your temper in combat. [potion of mutation]
 59527 | Zot:4    | Lost mutation: You have large cloven feet. [potion of mutation]
 59527 | Zot:4    | Lost mutation: You are weak. (Str -2) [potion of mutation]
 59527 | Zot:4    | Lost mutation: Your body sometimes deteriorates upon taking damage. [potion of mutation]
 59527 | Zot:4    | Gained mutation: You tend to lose your temper in combat. [potion of mutation]
 59527 | Zot:4    | Lost mutation: Your flesh is cold resistant. (rC+) [potion of mutation]
 59527 | Zot:4    | Gained mutation: You expend magic power (3 MP) to strengthen your wands. [potion of mutation]
 59528 | Zot:4    | 59528 ||| DRINKING 8 potions of mutation.
 59528 | Zot:4    | Lost mutation: You tend to lose your temper in combat. [potion of mutation]
 59528 | Zot:4    | Lost mutation: You expend magic power (3 MP) to strengthen your wands. [potion of mutation]
 59528 | Zot:4    | Gained mutation: You passively map a small area around you. [potion of mutation]
 59528 | Zot:4    | Gained mutation: Your flesh is cold resistant. (rC+) [potion of mutation]
 59528 | Zot:4    | Gained mutation: Your magical capacity is low. (-10% MP) [potion of mutation]
 59528 | Zot:4    | Gained mutation: You expend magic power (3 MP) to strengthen your wands. [potion of mutation]
 59953 | Zot:4    | 59953 ||| EATING 65 rations.
 59995 | Zot:4    | 59995 ||| STAIRDANCE
 60076 | Zot:3    | 60076 ||| UPGRADING to twisted amethyst amulet.
 60078 | Zot:3    | 60078 ||| UPGRADING to amulet of guardian spirit.
 60163 | Zot:4    | Reached XP level 27. HP: 182/193 MP: 13/20
 60455 | Zot:4    | 60455 ||| UPGRADING to glowing cloak.
 60465 | Zot:4    | 60465 ||| UPGRADING to +2 cloak.
 60475 | Zot:4    | 60475 ||| DROPPING +1 cloak.
 60513 | Zot:5    | Entered Level 5 of the Realm of Zot
 60625 | Zot:5    | Received a gift from Trog
 60625 | Zot:5    | Reached skill level 26 in Fighting
 60844 | Zot:5    | 60844 ||| EATING 65 rations.
 60853 | Zot:5    | Noticed an ancient lich
 60854 | Zot:5    | 60854 ||| INVOKING Trog's Hand.
 60855 | Zot:5    | 60855 ||| INVOKING Brothers in Arms.
 60856 | Zot:5    | 60856 ||| INVOKING Berserk.
 60864 | Zot:5    | Killed an ancient lich
 60942 | Zot:5    | 60942 ||| INVOKING Berserk.
 60942 | Zot:5    | Noticed an ancient lich
 60945 | Zot:5    | Noticed an ancient lich
 60947 | Zot:5    | Noticed an orb of fire
 60949 | Zot:5    | Noticed an orb of fire
 60953 | Zot:5    | Noticed an orb of fire
 60954 | Zot:5    | Noticed an orb of fire
 60955 | Zot:5    | 60955 ||| READING 3 scrolls of teleportation.
 60959 | Zot:5    | Gained mutation: Armour fits poorly on your strangely shaped body. [an orb of fire]
 60961 | Zot:5    | Noticed an orb of fire
 60963 | Zot:5    | 60963 ||| INVOKING Trog's Hand.
 60964 | Zot:5    | 60964 ||| READING 2 scrolls of teleportation.
 60967 | Zot:5    | HP: 40/196 [???[an ancient lich] (10)]
 60968 | Zot:5    | 60968 ||| DRINKING 17 potions of heal wounds.
 60968 | Zot:5    | Gained mutation: You occasionally shout uncontrollably at your foes. [an orb of fire]
 60968 | Zot:5    | HP: 7/196 [orb of fire/bolt of fire (23)]
 60969 | Zot:5    | 60969 ||| DRINKING 16 potions of heal wounds.
 60969 | Zot:5    | Lost mutation: Your magical capacity is low. (-10% MP) [an orb of fire]
 60969 | Zot:5    | Killed from afar by an orb of fire

Vault maps used:
D:1:      moated_graveyard_arrival
D:2:      overflow_temple_1_default, uniq_crazy_yiuf_cottage, uniq_natasha
D:3:      vehumet_crystals, first_ration
D:4:      grunt_gozag_breadcrumbs, makhleb_heckhound_becter,
          minmay_temple_entry_overgrown, gup_ossuary_entry_pyramid,
          uniq_eustachio
D:5:      kiku_gazebo_pond_becter, okawaru_ov_weapons_minmay
D:7:      serial_shops, shop, minmay_misc_feat_secret_circle,
          serial_bayou_pond_e, the_bakery, uniq_menkaure
D:8:      lair_entry_dummy, ebering_ghost_xom, fedhas_altar_decomposition
D:9:      chequers_temple_overflow_minitemple, uniq_grum, uniq_erica,
          uniq_gastronok
D:10:     kennysheep_potato
D:11:     lemuel_oklob_altar, uniq_nergalle
D:12:     erik_orc_1
D:13:     kennysheep_pointless_box, hangedman_decor_riveting, minivault_1,
          bh_walls_and_bars
D:14:     grunt_vaults_entry_tiered, nicolae_ru_sacrificial_ziggurat,
          uniq_azrael, uniq_agnes
D:15:     gammafunk_depths_entry_grave, uniq_roxanne
Lair:1:   st_stairs_12, grunt_megastairs_4, lemuel_fruit_fields,
          infiniplex_staircase_pool_2
Lair:2:   elwin_shoals_entry_stream
Lair:3:   dummy_spider_entry, gammafunk_ghost_split,
          grunt_forest_stairs_clearing
Lair:4:   kennysheep_snail_temple, grunt_megastairs_2
Lair:5:   grunt_megastairs_1
Lair:6:   cheibrodos_lair_end_hotspot, slime_altar_1, minivault_23,
          minmay_another_anthill, uniq_rupert
Shoals:1: serial_shops, nicolae_shop_competitors_out_of_business
Shoals:2: serial_shops, nicolae_shop_crystal, shop, shop, abandoned_shop,
          nicolae_shoals_arrival_archipelago
Shoals:4: shoals_end_grunt_garden, nicolae_shoals_circle_sea_wall,
          ldierk_geyser, nicolae_shoals_mertower, uniq_nikola
Spider:1: nicolae_spider_webs_and_nodes
Spider:2: spider_trap, spiders_nest_spider_trap
Spider:4: grunt_spider_rune_circles
Orc:1:    serial_shops, shop
Orc:2:    pf_orc_diabolical, uniq_snorg
Vaults:1: advil_vaults_ghost_guards, st_octagons_2,
          nicolae_vaults_ninety_degrees, vaults_standard_mumra_x,
          hangedman_vaults_snaps, nicolae_vaults_rhombus_7, v_misc_4,
          grunt_vaults_swirl, v_alt_pattern_4, vaults_room_fours,
          vaults_dpeg_encased_lava
Vaults:2: minmay_crypt_entry_necro_gods, grunt_vaults_focal,
          nicolae_vaults_alarming, vaults_room_corners,
          nicolae_vaults_quadrants, v_misc_8, nicolae_vaults_theta,
          nicolae_vaults_windows_and_doors_thing, ontoclasm_vaults_gateway
Vaults:3: ontoclasm_vaults_bender, vaults_room_octagon, v_misc_12,
          dpeg_vaults_monster_box, vaults_room_glass_cross,
          nicolae_vaults_specimen_jars, vaults_room_stairs_pillars,
          serial_shops, shop, uniq_mennas
Vaults:4: nicolae_vaults_little_squares_2, vaults_room_fours,
          ontoclasm_vaults_chip, v_misc_23, basic_altar
Vaults:5: serial_shops
Depths:1: enter_ziggurat_c, nicolae_wwwww, hell_entry, corexii_corridor_pit,
          evilmike_ruin_ashenzari
Depths:2: hangedman_slaughterboxes, hell_entry
Depths:3: minmay_imperfect_grid, corexii_leaking_fountain,
          rand_demon_pan_entry_8, grunt_hell_entry_dis_mu, serial_bayou_shore_b,
          infiniplex_staircase_trident, uniq_saint_roka, uniq_jory
Depths:4: onia_ninara_swampy_vault, hell_entry, abyss_entry,
          grunt_decor_one_mirror, minmay_staircase_windowed_small
Depths:5: lemuel_castle_with_subvaults, hell_entry, uniq_boris
Zot:1:    minmay_elemental_castle
Zot:3:    grunt_ministairs_14

Skill      XL: |  1  2  3  4  5  6  7  8  9 10 11 12 13 14 15 16 17 18 19 20 21 22 23 24 25 26 27 |
---------------+----------------------------------------------------------------------------------+-----
Axes           | 3 4 5 6 7 9 10 11 13 14 16 | 16.0
Fighting       | 4 5 7 9 10 11 12 13 14 15 17 18 19 20 21 22 23 24 25 26 | 26.0
Armour         | 3 6 9 10 11 12 13 15 16 17 18 19 20 21 22 | 22.0
Dodging        | 2 3 4 5 6 7 9 10 11 13 | 13.7
Shields        | 4 10 13 15 17 19 20 21 22 23 24 25 | 25.0

Action                   |  1- 3 |  4- 6 |  7- 9 | 10-12 | 13-15 | 16-18 | 19-21 | 22-24 | 25-27 || total
-------------------------+-------+-------+-------+-------+-------+-------+-------+-------+-------++-------
Melee: Hand axe          |   109 |   132 |   236 |       |       |       |       |       |       ||   477
       War axe           |       |       |   197 |   572 |  1032 |  1480 |  2036 |  1859 |  1502 ||  8678
       Flail             |       |       |       |     4 |    17 |       |       |       |       ||    21
       Broad axe         |       |       |       |       |   206 |       |       |       |       ||   206
Throw: Tomahawk          |       |    40 |    53 |    50 |    78 |       |       |       |       ||   221
       Javelin           |       |       |       |    79 |    68 |    63 |   138 |       |       ||   348
Invok: Berserk           |       |     3 |     5 |    18 |    18 |    10 |    12 |    12 |    11 ||    89
       Brothers in Arms  |       |       |       |     7 |    11 |     1 |    16 |    16 |     3 ||    54
       Trog's Hand       |       |       |       |       |     4 |    16 |    16 |    23 |     3 ||    62
 Abil: Fly               |       |       |       |       |     1 |       |       |       |       ||     1
Evoke: Wand              |       |       |       |       |       |       |     1 |       |       ||     1
  Use: Scroll            |     2 |     8 |    13 |     8 |    14 |     6 |     4 |     8 |     2 ||    65
       Potion            |     1 |     1 |     2 |       |     4 |       |     2 |     2 |     5 ||    17
 Stab: Distracted        |       |       |     1 |       |     1 |       |     1 |       |       ||     3
       Confused          |       |       |       |       |     2 |       |       |       |     1 ||     3
       Petrified         |       |       |       |       |       |       |     4 |       |       ||     4
       Petrifying        |       |       |       |       |       |       |     1 |       |       ||     1
  Eat: Chunk             |     2 |     8 |    10 |    26 |    37 |    28 |    48 |    30 |     3 ||   192
       Ration            |       |       |     3 |     6 |    11 |     8 |     4 |     5 |    13 ||    50
Armor: Animal skin       |    21 |       |       |       |       |       |       |       |       ||    21
       Leather armour    |    18 |    31 |       |       |       |       |       |       |       ||    49
       Ring mail         |       |    16 |   143 |       |       |       |       |       |       ||   159
       Plate armour      |       |       |    43 |   176 |       |       |       |       |       ||   219
       Scale mail        |       |       |    42 |       |       |       |       |       |       ||    42
       Chain mail        |       |       |       |   269 |   481 |   690 |   778 |   800 |   671 ||  3689
Dodge: Dodged            |    41 |    68 |   176 |   269 |   327 |   444 |   608 |   616 |   524 ||  3073
Block: Buckler           |       |       |       |    33 |    63 |       |       |       |       ||    96
       Shield            |       |       |       |       |   385 |   871 |    66 |       |       ||  1322
       Large shield      |       |       |       |       |       |       |  1886 |  1914 |  1579 ||  5379

Table legend:
 A = Spawn XP
 B = Non-spawn XP
 C = Spawn XP percentage of total XP
 D = Spawn monster count
 E = Non-spawn monster count
 F = Spawn count percentage of total count
 G = Total turns spent on level
                    A         B        C        D         E        F      G
               +---------+---------+-------+---------+---------+-------+---------
         Total |       0 | 1319942 |   0.0 |       0 |    2054 |   0.0 | 60969
               +---------+---------+-------+---------+---------+-------+---------
           D:1 |       0 |      40 |   0.0 |       0 |      22 |   0.0 |  1137
           D:2 |       0 |     123 |   0.0 |       0 |      23 |   0.0 |  1152
           D:3 |       0 |     298 |   0.0 |       0 |      21 |   0.0 |   825
           D:4 |       0 |     752 |   0.0 |       0 |      21 |   0.0 |  1453
           D:5 |       0 |     861 |   0.0 |       0 |      21 |   0.0 |  1175
           D:6 |       0 |    1038 |   0.0 |       0 |      25 |   0.0 |  1445
           D:7 |       0 |    1823 |   0.0 |       0 |      37 |   0.0 |  1362
           D:8 |       0 |    1539 |   0.0 |       0 |      28 |   0.0 |  1267
           D:9 |       0 |    5723 |   0.0 |       0 |      27 |   0.0 |   779
          D:10 |       0 |    1472 |   0.0 |       0 |      17 |   0.0 |   906
          D:11 |       0 |    3348 |   0.0 |       0 |      28 |   0.0 |   867
          D:12 |       0 |    8316 |   0.0 |       0 |      78 |   0.0 |  1495
          D:13 |       0 |    3759 |   0.0 |       0 |      14 |   0.0 |  1020
          D:14 |       0 |   13827 |   0.0 |       0 |      48 |   0.0 |  1452
          D:15 |       0 |   19346 |   0.0 |       0 |      40 |   0.0 |  1471
        Lair:1 |       0 |    3610 |   0.0 |       0 |      17 |   0.0 |  1702
        Lair:2 |       0 |    2948 |   0.0 |       0 |      14 |   0.0 |  1243
        Lair:3 |       0 |    5004 |   0.0 |       0 |      23 |   0.0 |  1068
        Lair:4 |       0 |    4278 |   0.0 |       0 |      16 |   0.0 |  1100
        Lair:5 |       0 |    5748 |   0.0 |       0 |      21 |   0.0 |  1403
        Lair:6 |       0 |   27353 |   0.0 |       0 |     105 |   0.0 |  2514
      Shoals:1 |       0 |    6441 |   0.0 |       0 |      13 |   0.0 |   774
      Shoals:2 |       0 |    9364 |   0.0 |       0 |      19 |   0.0 |   800
      Shoals:3 |       0 |   11540 |   0.0 |       0 |      27 |   0.0 |   874
      Shoals:4 |       0 |   35350 |   0.0 |       0 |      55 |   0.0 |  1367
      Spider:1 |       0 |   12560 |   0.0 |       0 |      35 |   0.0 |   776
      Spider:2 |       0 |   13274 |   0.0 |       0 |      36 |   0.0 |   840
      Spider:3 |       0 |   19681 |   0.0 |       0 |      68 |   0.0 |  1303
      Spider:4 |       0 |   33115 |   0.0 |       0 |      66 |   0.0 |  1683
         Orc:1 |       0 |     788 |   0.0 |       0 |      21 |   0.0 |   479
         Orc:2 |       0 |   21403 |   0.0 |       0 |      89 |   0.0 |  1595
      Vaults:1 |       0 |   43184 |   0.0 |       0 |      72 |   0.0 |  1791
      Vaults:2 |       0 |   37243 |   0.0 |       0 |      61 |   0.0 |  1687
      Vaults:3 |       0 |   64125 |   0.0 |       0 |      92 |   0.0 |  2081
      Vaults:4 |       0 |   52498 |   0.0 |       0 |      80 |   0.0 |  1715
      Vaults:5 |       0 |  177244 |   0.0 |       0 |     152 |   0.0 |  1999
      Depths:1 |       0 |   20471 |   0.0 |       0 |      29 |   0.0 |   855
      Depths:2 |       0 |   98968 |   0.0 |       0 |      96 |   0.0 |  2179
      Depths:3 |       0 |   84092 |   0.0 |       0 |      88 |   0.0 |  2217
      Depths:4 |       0 |   64955 |   0.0 |       0 |      70 |   0.0 |  1309
      Depths:5 |       0 |   70858 |   0.0 |       0 |      66 |   0.0 |  1823
         Zot:1 |       0 |   91904 |   0.0 |       0 |      48 |   0.0 |  1630
         Zot:2 |       0 |   51775 |   0.0 |       0 |      32 |   0.0 |  1066
         Zot:3 |       0 |   77226 |   0.0 |       0 |      45 |   0.0 |  1612
         Zot:4 |       0 |   68823 |   0.0 |       0 |      32 |   0.0 |  1222
         Zot:5 |       0 |   41854 |   0.0 |       0 |      16 |   0.0 |   456
               +---------+---------+-------+---------+---------+-------+---------
